Workbook
Name _: #REF!
Name ___________________________________________________________________________________________________________________________________FS01: #REF!
Name _________________________________________________________________________________________________________________________________FS01: #REF!
Name _______________________________________________________________________________________________________________________________FS01: #REF!
Name _____________________________________________________________________________________________________________________________FS01: #REF!
Name ____________________________________________________________________________________________________________________________FS01: #REF!
Name ___________________________________________________________________________________________________________________________FS01: #REF!
Name _________________________________________________________________________________________________________________________FS01: #REF!
Name _______________________________________________________________________________________________________________________FS01: #REF!
Name _____________________________________________________________________________________________________________________FS01: #REF!
Name ____________________________________________________________________________________________________________________FS01: #REF!
Name __________________________________________________________________________________________________________________FS01: #REF!
Name ________________________________________________________________________________________________________________FS01: #REF!
Name ______________________________________________________________________________________________________________FS01: #REF!
Name ____________________________________________________________________________________________________________FS01: #REF!
Name __________________________________________________________________________________________________________FS01: #REF!
Name ________________________________________________________________________________________________________FS01: #REF!
Name ______________________________________________________________________________________________________FS01: #REF!
Name ____________________________________________________________________________________________________FS01: #REF!
Name __________________________________________________________________________________________________FS01: #REF!
Name ________________________________________________________________________________________________FS01: #REF!
Name ______________________________________________________________________________________________FS01: #REF!
Name ____________________________________________________________________________________________FS01: #REF!
Name __________________________________________________________________________________________FS01: #REF!
Name ________________________________________________________________________________________FS01: #REF!
Name ______________________________________________________________________________________FS01: #REF!
Name ____________________________________________________________________________________FS01: #REF!
Name __________________________________________________________________________________FS01: #REF!
Name ________________________________________________________________________________FS01: #REF!
Name ______________________________________________________________________________FS01: #REF!
Name ____________________________________________________________________________FS01: #REF!
Name __________________________________________________________________________FS01: #REF!
Name ________________________________________________________________________FS01: #REF!
Name _______________________________________________________________________FS01: [9]!ERR
Name ______________________________________________________________________FS01: #REF!
Name _____________________________________________________________________FS01: [9]!ERR
Name ____________________________________________________________________FS01: #REF!
Name ___________________________________________________________________FS01: [9]!ERR
Name __________________________________________________________________FS01: #REF!
Name _________________________________________________________________FS01: [9]!ERR
Name ________________________________________________________________FS01: #REF!
Name _______________________________________________________________FS01: [9]!ERR
Name ______________________________________________________________FS01: #REF!
Name _____________________________________________________________FS01: [9]!ERR
Name ____________________________________________________________FS01: #REF!
Name ___________________________________________________________FS01: #REF!
Name __________________________________________________________FS01: #REF!
Name _________________________________________________________F: #N/A
Name _________________________________________________________FS01: #REF!
Name ________________________________________________________FS01: #REF!
Name _______________________________________________________FS01: #REF!
Name ______________________________________________________FS01: #REF!
Name _____________________________________________________FS01: [10]!ERR
Name _____________________________________________________i1: #REF!
Name ____________________________________________________F: #N/A
Name ____________________________________________________FS01: #REF!
Name ___________________________________________________FS01: [10]!ERR
Name __________________________________________________FS01: #REF!
Name __________________________________________________i1: #REF!
Name _________________________________________________AFC1: [11]INV!$A$25:$D$28

Sheet Presupuesto Global
A2: FORTALECIMIENTO ECONÓMICO DEL SECTOR DE ARTESANIAS DE LAS COMUNIDADES INDÍGENAS MOKANA EN LOS MUNICIPIOS DE BARANOA, GALAPA, USIACURÍ, TUBARÁ Y PUERTO COLOMBIA, EN EL DEPARTAMENTO DEL ATLÁNTICO
G3: Fecha de Formulación: | H3: 46145
A4: Ítem | B4: Objetivo | C4: Actividades | D4: Producto | E4: Unidad de medida | F4: Cantidad | G4: Costo Unitario | H4: Valor total | I4: Administración | J4: Valor total + Adnimistración
A6: 1 | B6: Aumentar la capacidad de acceso a activos productivos por parte de los artesanos | C6: 1.1. Entregar materiales e insumos para la formación y elaboración de los productos artesanales | D6: =+'1.1. Entrega de Insumos'!B12 -> Artesanías en palma de iraca, en tela y demás | E6: Unidad | F6: =+'Listado Beneficiarios'!C7 -> 42 | G6: =+'1.1. Entrega de Insumos'!H60 -> 5757906 | H6: =+F6*G6 -> 241832052 | I6: =+ROUND(($H$22/9)+($H$13/7),0) -> 42423487 | J6: =SUM(H6:I6) -> 284255539
D7: =+'1.1. Entrega de Insumos'!B61 -> Mochila de carga, conchas de mar y totumo | E7: Unidad | F7: =+'Listado Beneficiarios'!C56 -> 50 | G7: =+'1.1. Entrega de Insumos'!H78 -> 2544575 | H7: =+F7*G7 -> 127228750 | I7: =+ROUND(($H$22/9)+($H$13/7),2) -> 42423487 | J7: =SUM(H7:I7) -> 1.6965224e+08
D8: =+'1.1. Entrega de Insumos'!B79 -> Mochilas, totuma y cestas en bejuco de cadena | E8: Unidad | F8: =+'Listado Beneficiarios'!C74 -> 80 | G8: =+'1.1. Entrega de Insumos'!H123 -> 5647486 | H8: =+F8*G8 -> 451798880 | I8: =+ROUND(($H$22/9)+($H$13/7),2) -> 42423487 | J8: =SUM(H8:I8) -> 4.9422237e+08
D9: =+'1.1. Entrega de Insumos'!B124 -> Artesanías en fibras y tejidos varios | E9: Unidad | F9: =+'Listado Beneficiarios'!C118 -> 200 | G9: =+'1.1. Entrega de Insumos'!H172 -> 5328642 | H9: =+F9*G9 -> 1065728400 | I9: =+ROUND(($H$22/9)+($H$13/7),2) -> 42423487 | J9: =SUM(H9:I9) -> 1.1081519e+09
D10: =+'1.1. Entrega de Insumos'!B173 -> Papel maché para elaboración de máscaras | E10: Unidad | F10: =+'Listado Beneficiarios'!C165 -> 50 | G10: =+'1.1. Entrega de Insumos'!H193 -> 2404587 | H10: =+F10*G10 -> 120229350 | I10: =+ROUND(($H$22/9)+($H$13/7),2) -> 42423487 | J10: =SUM(H10:I10) -> 1.6265284e+08
D11: =+'1.1. Entrega de Insumos'!B194 -> Mochilas, totuma y productos mixtos | E11: Unidad | F11: =+'Listado Beneficiarios'!C186 -> 80 | G11: =+'1.1. Entrega de Insumos'!H213 -> 2065116 | H11: =+F11*G11 -> 165209280 | I11: =+ROUND(($H$22/9)+($H$13/7),2) -> 42423487 | J11: =SUM(H11:I11) -> 2.0763277e+08
D12: =+'1.1. Entrega de Insumos'!B214 -> Mochilas y totumos | E12: Unidad | F12: =+'Listado Beneficiarios'!C207 -> 180 | G12: =+'1.1. Entrega de Insumos'!H257 -> 5082801 | H12: =+F12*G12 -> 914904180 | I12: =+ROUND(($H$22/9)+($H$13/7),2) -> 42423487 | J12: =SUM(H12:I12) -> 9.5732767e+08
D13: Trasnporte insumos | E13: Unidad | F13: 0.02 | H13: =+ROUND((H12+H11+H10+H9+H8+H7+H6)*F13,0) -> 61738618
D14: TOTAL ACTIVIDAD 1.1 | H14: =SUM(H6:H13) -> 3148669510 | I14: =ROUND(SUM(I6:I13)-H13,0) -> 235225790 | J14: =ROUND(SUM(J6:J13),0) -> 3383895300
C15: 1.2. Realizar una feria artesanal para la promoción y divulgación de las artesanías | E15: Unidad | F15: 1 | G15: =+'1.2. Feria Artesanal'!F17 -> 53880600 | H15: =+F15*G15 -> 53880600 | I15: =+ROUND(($H$22/9),0) -> 33603684 | J15: =SUM(H15:I15) -> 87484284
A16: TOTAL COMPONENTE 1 | H16: =SUM(H14:H15) -> 3202550110 | I16: =ROUND(SUM(I14:I15),0) -> 268829474 | J16: =ROUND(SUM(J14:J15),0) -> 3471379584 | K16: MO | L16: materiales | M16: alimentación | N16: inmobiliarios
A17: 2 | B17: Fortalecer el conocimiento y saber ancestral para la producción artesanal | C17: 2.1. Realizar escuelas de formación para transferir conocimientos | E17: Unidad | F17: 4 | G17: =+'2.1. Formación '!H19 -> 94182434 | H17: =+F17*G17 -> 376729736 | I17: =+ROUND(($H$22/9),0) -> 33603684 | J17: =SUM(H17:I17) -> 410333420 | K17: =(+'2.1. Formación '!H16*4)+I17 -> 60803684 | L17: =+'2.1. Formación '!H13*4 -> 49449736 | M17: =+'2.1. Formación '!H9*4 -> 300080000
A18: TOTAL COMPONENTE 2 | H18: =SUM(H17:H17) -> 376729736 | I18: =ROUND(I17,0) -> 33603684 | J18: =ROUND(SUM(J17:J17),0) -> 410333420
F20: TOTAL COSTOS DIRECTOS | H20: =+H16+H18 -> 3579279846 | I20: =ROUND(SUM(I18+I16),0) -> 302433158 | J20: =ROUND(SUM(J16+J18),0) -> 3881713004
F22: Administración | G22: 0.084495533 | H22: =+Administración!G20 -> 302433158
F23: Interventoría | G23: =+H23/H20 -> 0
F24: Apoyo a la supervisión | H24: ='2.2. Apoyo a la supervisión'!F12 -> 48225016
F25: TOTAL COSTOS INDIRECTOS | H25: =H22+H23+H24 -> 350658174
F26: TOTAL COSTO DEL PROYECTO | J26: =+H20+H25 -> 3929938020
B27: MARÍA MERCED LLANOS C. | H27: Valor Total x Beneficiario | J27: =+J26/682 -> 5762372.5
B28: Profesional de apoyo en formulación de proyectos
B32: HENRY MANUEL GARCIA ACOSTA
B33: Representante Legal
B34: CC. 72015707

Sheet 1.1. Entrega de Insumos
D4: Vigencia: 3/06/2025
B5: Entidad Formuladora | D5: CABILDO INDÍGENA DE LA COMUNIDAD MOKANA DE BARANOA
B6: NOMBRE DEL PROYECTO: | D6: =+'Presupuesto Global'!A2 -> FORTALECIMIENTO ECONÓMICO DEL SECTOR DE ARTESANIAS DE LAS COMUNIDADES INDÍGENAS MOKANA EN LOS MUNICIPIOS DE BARANOA, GALAPA, USIACURÍ, TUBARÁ Y PUERTO COLOMBIA, EN EL DEPARTAMENTO DEL ATLÁNTICO
B7: ACTIVIDAD A IMPLEMENTAR: | D7: =+'Presupuesto Global'!C6 -> 1.1. Entregar materiales e insumos para la formación y elaboración de los productos artesanales
B9: CATEGORIA DE INVERSIÓN | C9: MUNICIPIO/COMUNIDAD | D9: INSUMO | E9: UNIDAD | F9: CANTIDAD | G9: VALOR UNITARIO | H9: VALOR TOTAL | I9: Entrega total x comunidad | K9: Productos a entregar | L9: Usiacurí | M9: Puerto Colombia | N9: Galapa | O9: Tubará | P9: Baranoa | S9: TOTAL | T9: PARA LA FERIA
B10: 1. COSTOS DIRECTOS | M10: Puerto Colombia | N10: Galapa | O10: Tubará | P10: Baranoa | Q10: Pital | R10: Sibarco
A11: (0% costos directos) | B11: 1.1. MATERIALES E INSUMOS | K11: Mochila | L11: =2*42 -> 84 | M11: =2*50 -> 100 | N11: =2*50 -> 100 | O11: =2*180 -> 360 | R11: =2*80 -> 160 | S11: =SUM(L11:R11) -> 804 | T11: =+S11*10% -> 80.4
B12: Artesanías en palma de iraca, en tela y demás | C12: =+'Listado Beneficiarios'!B7 -> Usiacurí | D12: Rollos de alambre (calibre 22 a 8) | E12: =+VLOOKUP(D12,'Estudio de Mercado insumos'!$B$4:$K$82,2,FALSE) -> UN | F12: 3 | G12: =+VLOOKUP(D12,'Estudio de Mercado insumos'!$B$4:$K$82,10,FALSE) -> 50000 | H12: =+F12*G12 -> 150000 | I12: =+F12*'Presupuesto Global'!$F$6 -> 126 | K12: Totumas | L12: =15*42 -> 630 | M12: =15*50 -> 750 | N12: =15*50 -> 750 | O12: =15*180 -> 2700 | P12: =15*200 -> 3000 | Q12: =15*80 -> 1200 | R12: =15*80 -> 1200 | S12: =SUM(L12:R12) -> 10230 | T12: =+S12*10% -> 1023
D13: Palma de Iraca (1kg) | E13: =+VLOOKUP(D13,'Estudio de Mercado insumos'!$B$4:$K$82,2,FALSE) -> KG | F13: 10 | G13: =+VLOOKUP(D13,'Estudio de Mercado insumos'!$B$4:$K$82,10,FALSE) -> 21933 | H13: =+F13*G13 -> 219330 | I13: =+F13*'Presupuesto Global'!$F$6 -> 420 | K13: Cestas | L13: =5*42 -> 210 | N13: =5*50 -> 250 | O13: =5*180 -> 900 | P13: =5*200 -> 1000 | Q13: =5*80 -> 400 | R13: =5*80 -> 400 | S13: =SUM(L13:R13) -> 3160 | T13: =+S13*10% -> 316
D14: Bejuco de Cadena (1kg) | E14: =+VLOOKUP(D14,'Estudio de Mercado insumos'!$B$4:$K$82,2,FALSE) -> KG | F14: 3 | G14: =+VLOOKUP(D14,'Estudio de Mercado insumos'!$B$4:$K$82,10,FALSE) -> 27675 | H14: =+F14*G14 -> 83025 | I14: =+F14*'Presupuesto Global'!$F$6 -> 126 | K14: Bisutería | L14: =30*42 -> 1260 | O14: =30*180 -> 5400 | P14: =30*200 -> 6000 | Q14: =30*80 -> 2400 | S14: =SUM(L14:R14) -> 15060 | T14: =+S14*10% -> 1506
D15: Pita | E15: =+VLOOKUP(D15,'Estudio de Mercado insumos'!$B$4:$K$82,2,FALSE) -> ROLLOS | F15: 3 | G15: =+VLOOKUP(D15,'Estudio de Mercado insumos'!$B$4:$K$82,10,FALSE) -> 47000 | H15: =+F15*G15 -> 141000 | I15: =+F15*'Presupuesto Global'!$F$6 -> 126 | K15: Bordados | L15: =10*42 -> 420 | O15: =10*180 -> 1800 | P15: =10*200 -> 2000 | Q15: =10*80 -> 800 | S15: =SUM(L15:R15) -> 5020 | T15: =+S15*10% -> 502
D16: Piola Currican Kliche | E16: =+VLOOKUP(D16,'Estudio de Mercado insumos'!$B$4:$K$82,2,FALSE) -> UN | F16: 2 | G16: =+VLOOKUP(D16,'Estudio de Mercado insumos'!$B$4:$K$82,10,FALSE) -> 40600 | H16: =+F16*G16 -> 81200 | I16: =+F16*'Presupuesto Global'!$F$6 -> 84 | K16: Ppel maché | L16: =10*42 -> 420 | M16: =10*50 -> 500 | N16: =10*50 -> 500 | O16: =10*180 -> 1800 | P16: =10*200 -> 2000 | Q16: =10*80 -> 800 | R16: =10*80 -> 800 | S16: =SUM(L16:R16) -> 6820 | T16: =+S16*10% -> 682
D17: Cuerda 9,3 Color *100 | E17: =+VLOOKUP(D17,'Estudio de Mercado insumos'!$B$4:$K$82,2,FALSE) -> UN | F17: 2 | G17: =+VLOOKUP(D17,'Estudio de Mercado insumos'!$B$4:$K$82,10,FALSE) -> 7678 | H17: =+F17*G17 -> 15356 | I17: =+F17*'Presupuesto Global'!$F$6 -> 84 | K17: Mortuto | N17: =2*50 -> 100 | O17: =2*180 -> 360 | R17: =2*80 -> 160 | S17: =SUM(L17:R17) -> 620 | T17: =+S17*10% -> 62
D18: Hilo para bordar | E18: =+VLOOKUP(D18,'Estudio de Mercado insumos'!$B$4:$K$82,2,FALSE) -> MT | F18: 3 | G18: =+VLOOKUP(D18,'Estudio de Mercado insumos'!$B$4:$K$82,10,FALSE) -> 17000 | H18: =+F18*G18 -> 51000 | I18: =+F18*'Presupuesto Global'!$F$6 -> 126 | K18: Macramé | P18: =5*200 -> 1000 | Q18: =5*80 -> 400 | S18: =SUM(L18:R18) -> 1400 | T18: =+S18*10% -> 140
D19: Mortuto (1kg) | E19: =+VLOOKUP(D19,'Estudio de Mercado insumos'!$B$4:$K$82,2,FALSE) -> KG | F19: 3 | G19: =+VLOOKUP(D19,'Estudio de Mercado insumos'!$B$4:$K$82,10,FALSE) -> 29433 | H19: =+F19*G19 -> 88299 | I19: =+F19*'Presupuesto Global'!$F$6 -> 126 | K19: Tejidos | P19: =2*200 -> 400 | S19: =SUM(L19:R19) -> 400 | T19: =+S19*10% -> 40
D20: Tintes (Industriales y naturales, 1 unidad de 100g/ml) | E20: =+VLOOKUP(D20,'Estudio de Mercado insumos'!$B$4:$K$82,2,FALSE) -> G/ML | F20: 2 | G20: =+VLOOKUP(D20,'Estudio de Mercado insumos'!$B$4:$K$82,10,FALSE) -> 20233 | H20: =+F20*G20 -> 40466 | I20: =+F20*'Presupuesto Global'!$F$6 -> 84
D21: Agujas Surtido | E21: =+VLOOKUP(D21,'Estudio de Mercado insumos'!$B$4:$K$82,2,FALSE) -> KIT | F21: 3 | G21: =+VLOOKUP(D21,'Estudio de Mercado insumos'!$B$4:$K$82,10,FALSE) -> 55000 | H21: =+F21*G21 -> 165000 | I21: =+F21*'Presupuesto Global'!$F$6 -> 126
D22: Pintura en tela surtida en color | E22: =+VLOOKUP(D22,'Estudio de Mercado insumos'!$B$4:$K$82,2,FALSE) -> UN | F22: 3 | G22: =+VLOOKUP(D22,'Estudio de Mercado insumos'!$B$4:$K$82,10,FALSE) -> 15300 | H22: =+F22*G22 -> 45900 | I22: =+F22*'Presupuesto Global'!$F$6 -> 126
D23: Tela Fique | E23: =+VLOOKUP(D23,'Estudio de Mercado insumos'!$B$4:$K$82,2,FALSE) -> MT | F23: 3 | G23: =+VLOOKUP(D23,'Estudio de Mercado insumos'!$B$4:$K$82,10,FALSE) -> 18000 | H23: =+F23*G23 -> 54000 | I23: =+F23*'Presupuesto Global'!$F$6 -> 126
D24: Liencillo | E24: =+VLOOKUP(D24,'Estudio de Mercado insumos'!$B$4:$K$82,2,FALSE) -> MT | F24: 3 | G24: =+VLOOKUP(D24,'Estudio de Mercado insumos'!$B$4:$K$82,10,FALSE) -> 16000 | H24: =+F24*G24 -> 48000 | I24: =+F24*'Presupuesto Global'!$F$6 -> 126
D25: Papel maché 20 lbs c/u | E25: =+VLOOKUP(D25,'Estudio de Mercado insumos'!$B$4:$K$82,2,FALSE) -> UN | F25: 1 | G25: =+VLOOKUP(D25,'Estudio de Mercado insumos'!$B$4:$K$82,10,FALSE) -> 618000 | H25: =+F25*G25 -> 618000 | I25: =+F25*'Presupuesto Global'!$F$6 -> 42
D26: Caja alfiler | E26: =+VLOOKUP(D26,'Estudio de Mercado insumos'!$B$4:$K$82,2,FALSE) -> UN | F26: 2 | G26: =+VLOOKUP(D26,'Estudio de Mercado insumos'!$B$4:$K$82,10,FALSE) -> 20000 | H26: =+F26*G26 -> 40000 | I26: =+F26*'Presupuesto Global'!$F$6 -> 84
D27: Balines | E27: =+VLOOKUP(D27,'Estudio de Mercado insumos'!$B$4:$K$82,2,FALSE) -> UN | F27: 30 | G27: =+VLOOKUP(D27,'Estudio de Mercado insumos'!$B$4:$K$82,10,FALSE) -> 4000 | H27: =+F27*G27 -> 120000 | I27: =+F27*'Presupuesto Global'!$F$6 -> 1260
D28: Silicona en Barra | E28: =+VLOOKUP(D28,'Estudio de Mercado insumos'!$B$4:$K$82,2,FALSE) -> UN | F28: 30 | G28: =+VLOOKUP(D28,'Estudio de Mercado insumos'!$B$4:$K$82,10,FALSE) -> 3000 | H28: =+F28*G28 -> 90000 | I28: =+F28*'Presupuesto Global'!$F$6 -> 1260
D29: Juego de pinzas de bisuteria | E29: =+VLOOKUP(D29,'Estudio de Mercado insumos'!$B$4:$K$82,2,FALSE) -> UN | F29: 1 | G29: =+VLOOKUP(D29,'Estudio de Mercado insumos'!$B$4:$K$82,10,FALSE) -> 65000 | H29: =+F29*G29 -> 65000 | I29: =+F29*'Presupuesto Global'!$F$6 -> 42
D30: Pinzas con punta de Silicona | E30: =+VLOOKUP(D30,'Estudio de Mercado insumos'!$B$4:$K$82,2,FALSE) -> UN | F30: 1 | G30: =+VLOOKUP(D30,'Estudio de Mercado insumos'!$B$4:$K$82,10,FALSE) -> 25000 | H30: =+F30*G30 -> 25000 | I30: =+F30*'Presupuesto Global'!$F$6 -> 42
D31: Quemador flameador para totumo | E31: =+VLOOKUP(D31,'Estudio de Mercado insumos'!$B$4:$K$82,2,FALSE) -> UN | F31: 2 | G31: =+VLOOKUP(D31,'Estudio de Mercado insumos'!$B$4:$K$82,10,FALSE) -> 90000 | H31: =+F31*G31 -> 180000 | I31: =+F31*'Presupuesto Global'!$F$6 -> 84
... D59: Transportador | E59: =+VLOOKUP(D59,'Estudio de Mercado insumos'!$B$4:$K$82,2,FALSE) -> UN | F59: 1 | G59: =+VLOOKUP(D59,'Estudio de Mercado insumos'!$B$4:$K$82,10,FALSE) -> 4450 | H59: =+F59*G59 -> 4450 | I59: =+F59*'Presupuesto Global'!$F$6 -> 42
B60: TOTAL UNIDAD PRODUCTIVA | H60: =SUM(H12:H59) -> 5757906
B61: =+'Listado Beneficiarios'!D56 -> Mochila de carga, conchas de mar y totumo | C61: =+'Listado Beneficiarios'!B56 -> Puerto Colombia | D61: Mototool con fresa,con eje flexible | E61: =+VLOOKUP(D61,'Estudio de Mercado insumos'!$B$4:$K$82,2,FALSE) -> UN | F61: 1 | G61: =+VLOOKUP(D61,'Estudio de Mercado insumos'!$B$4:$K$82,10,FALSE) -> 520000 | H61: =+F61*G61 -> 520000 | I61: =+F61*50 -> 50
D62: Palma de Iraca (1kg) | E62: =+VLOOKUP(D62,'Estudio de Mercado insumos'!$B$4:$K$82,2,FALSE) -> KG | F62: 8 | G62: =+VLOOKUP(D62,'Estudio de Mercado insumos'!$B$4:$K$82,10,FALSE) -> 21933 | H62: =+F62*G62 -> 175464 | I62: =+F62*50 -> 400
D63: Bejuco de Cadena (1kg) | E63: =+VLOOKUP(D63,'Estudio de Mercado insumos'!$B$4:$K$82,2,FALSE) -> KG | F63: =+VLOOKUP(D63,$D$12:$F$59,3,FALSE) -> 3 | G63: =+VLOOKUP(D63,'Estudio de Mercado insumos'!$B$4:$K$82,10,FALSE) -> 27675 | H63: =+F63*G63 -> 83025 | I63: =+F63*50 -> 150
D64: Papel maché 20 lbs c/u | E64: =+VLOOKUP(D64,'Estudio de Mercado insumos'!$B$4:$K$82,2,FALSE) -> UN | F64: =+VLOOKUP(D64,$D$12:$F$59,3,FALSE) -> 1 | G64: =+VLOOKUP(D64,'Estudio de Mercado insumos'!$B$4:$K$82,10,FALSE) -> 618000 | H64: =+F64*G64 -> 618000 | I64: =+F64*50 -> 50
D65: Totuma (1 unidad grande) | E65: =+VLOOKUP(D65,'Estudio de Mercado insumos'!$B$4:$K$82,2,FALSE) -> UN | F65: =+VLOOKUP(D65,$D$12:$F$59,3,FALSE) -> 30 | G65: =+VLOOKUP(D65,'Estudio de Mercado insumos'!$B$4:$K$82,10,FALSE) -> 9750 | H65: =+F65*G65 -> 292500 | I65: =+F65*50 -> 1500
D66: Pita | E66: =+VLOOKUP(D66,'Estudio de Mercado insumos'!$B$4:$K$82,2,FALSE) -> ROLLOS | F66: =+VLOOKUP(D66,$D$12:$F$59,3,FALSE) -> 3 | G66: =+VLOOKUP(D66,'Estudio de Mercado insumos'!$B$4:$K$82,10,FALSE) -> 47000 | H66: =+F66*G66 -> 141000 | I66: =+F66*50 -> 150
D67: Hilo para bordar | E67: =+VLOOKUP(D67,'Estudio de Mercado insumos'!$B$4:$K$82,2,FALSE) -> MT | F67: =+VLOOKUP(D67,$D$12:$F$59,3,FALSE) -> 3 | G67: =+VLOOKUP(D67,'Estudio de Mercado insumos'!$B$4:$K$82,10,FALSE) -> 17000 | H67: =+F67*G67 -> 51000 | I67: =+F67*50 -> 150
D68: Agujas Surtido | E68: =+VLOOKUP(D68,'Estudio de Mercado insumos'!$B$4:$K$82,2,FALSE) -> KIT | F68: =+VLOOKUP(D68,$D$12:$F$59,3,FALSE) -> 3 | G68: =+VLOOKUP(D68,'Estudio de Mercado insumos'!$B$4:$K$82,10,FALSE) -> 55000 | H68: =+F68*G68 -> 165000 | I68: =+F68*50 -> 150
D69: Mortuto (1kg) | E69: =+VLOOKUP(D69,'Estudio de Mercado insumos'!$B$4:$K$82,2,FALSE) -> KG | F69: =+VLOOKUP(D69,$D$12:$F$59,3,FALSE) -> 3 | G69: =+VLOOKUP(D69,'Estudio de Mercado insumos'!$B$4:$K$82,10,FALSE) -> 29433 | H69: =+F69*G69 -> 88299 | I69: =+F69*50 -> 150
D70: Tintes (Industriales y naturales, 1 unidad de 100g/ml) | E70: =+VLOOKUP(D70,'Estudio de Mercado insumos'!$B$4:$K$82,2,FALSE) -> G/ML | F70: =+VLOOKUP(D70,$D$12:$F$59,3,FALSE) -> 2 | G70: =+VLOOKUP(D70,'Estudio de Mercado insumos'!$B$4:$K$82,10,FALSE) -> 20233 | H70: =+F70*G70 -> 40466 | I70: =+F70*50 -> 100
D71: Periegrafador | E71: =+VLOOKUP(D71,'Estudio de Mercado insumos'!$B$4:$K$82,2,FALSE) -> UN | F71: 1 | G71: =+VLOOKUP(D71,'Estudio de Mercado insumos'!$B$4:$K$82,10,FALSE) -> 138375 | H71: =+F71*G71 -> 138375 | I71: =+F71*50 -> 50
D72: Piola Currican Kliche | E72: =+VLOOKUP(D72,'Estudio de Mercado insumos'!$B$4:$K$82,2,FALSE) -> UN | F72: =+VLOOKUP(D72,$D$12:$F$59,3,FALSE) -> 2 | G72: =+VLOOKUP(D72,'Estudio de Mercado insumos'!$B$4:$K$82,10,FALSE) -> 40600 | H72: =+F72*G72 -> 81200 | I72: =+F72*50 -> 100
D73: Marco para segueta Amarillo y Negro Joni | E73: =+VLOOKUP(D73,'Estudio de Mercado insumos'!$B$4:$K$82,2,FALSE) -> UN | F73: =+VLOOKUP(D73,$D$12:$F$59,3,FALSE) -> 3 | G73: =+VLOOKUP(D73,'Estudio de Mercado insumos'!$B$4:$K$82,10,FALSE) -> 10630 | H73: =+F73*G73 -> 31890 | I73: =+F73*50 -> 150
D74: Cuerda 9,3 Color *100 | E74: =+VLOOKUP(D74,'Estudio de Mercado insumos'!$B$4:$K$82,2,FALSE) -> UN | F74: =+VLOOKUP(D74,$D$12:$F$59,3,FALSE) -> 2 | G74: =+VLOOKUP(D74,'Estudio de Mercado insumos'!$B$4:$K$82,10,FALSE) -> 7678 | H74: =+F74*G74 -> 15356 | I74: =+F74*50 -> 100
D75: Pegantes | E75: =+VLOOKUP(D75,'Estudio de Mercado insumos'!$B$4:$K$82,2,FALSE) -> Galones | F75: =+VLOOKUP(D75,$D$12:$F$59,3,FALSE) -> 1 | G75: =+VLOOKUP(D75,'Estudio de Mercado insumos'!$B$4:$K$82,10,FALSE) -> 15000 | H75: =+F75*G75 -> 15000 | I75: =+F75*50 -> 50
D76: Pintura Acrílica 120ml Fx Arte | E76: =+VLOOKUP(D76,'Estudio de Mercado insumos'!$B$4:$K$82,2,FALSE) -> ML | F76: 5 | G76: =+VLOOKUP(D76,'Estudio de Mercado insumos'!$B$4:$K$82,10,FALSE) -> 10000 | H76: =+F76*G76 -> 50000 | I76: =+F76*50 -> 250
D77: Gas para flamea | E77: =+VLOOKUP(D77,'Estudio de Mercado insumos'!$B$4:$K$82,2,FALSE) -> UN | F77: =+VLOOKUP(D77,$D$12:$F$59,3,FALSE) -> 2 | G77: =+VLOOKUP(D77,'Estudio de Mercado insumos'!$B$4:$K$82,10,FALSE) -> 19000 | H77: =+F77*G77 -> 38000 | I77: =+F77*50 -> 100
B78: TOTAL UNIDAD PRODUCTIVA | H78: =SUM(H61:H77) -> 2544575
B79: Mochilas, totuma y cestas en bejuco de cadena | C79: =+'Listado Beneficiarios'!B74 -> Pital | D79: Mototool con fresa,con eje flexible | E79: =+VLOOKUP(D79,'Estudio de Mercado insumos'!$B$4:$K$82,2,FALSE) -> UN | F79: 1 | G79: =+VLOOKUP(D79,'Estudio de Mercado insumos'!$B$4:$K$82,10,FALSE) -> 520000 | H79: =+F79*G79 -> 520000 | I79: =+F79*80 -> 80
D80: Agujas Surtido | E80: =+VLOOKUP(D80,'Estudio de Mercado insumos'!$B$4:$K$82,2,FALSE) -> KIT | F80: =+VLOOKUP(D80,$D$12:$F$59,3,FALSE) -> 3 | G80: =+VLOOKUP(D80,'Estudio de Mercado insumos'!$B$4:$K$82,10,FALSE) -> 55000 | H80: =+F80*G80 -> 165000 | I80: =+F80*80 -> 240
D81: Hilo para bordar | E81: =+VLOOKUP(D81,'Estudio de Mercado insumos'!$B$4:$K$82,2,FALSE) -> MT | F81: =+VLOOKUP(D81,$D$12:$F$59,3,FALSE) -> 3 | G81: =+VLOOKUP(D81,'Estudio de Mercado insumos'!$B$4:$K$82,10,FALSE) -> 17000 | H81: =+F81*G81 -> 51000 | I81: =+F81*80 -> 240
D82: Pintura en tela surtida en color | E82: =+VLOOKUP(D82,'Estudio de Mercado insumos'!$B$4:$K$82,2,FALSE) -> UN | F82: =+VLOOKUP(D82,$D$12:$F$59,3,FALSE) -> 3 | G82: =+VLOOKUP(D82,'Estudio de Mercado insumos'!$B$4:$K$82,10,FALSE) -> 15300 | H82: =+F82*G82 -> 45900 | I82: =+F82*80 -> 240
D83: Tela Fique | E83: =+VLOOKUP(D83,'Estudio de Mercado insumos'!$B$4:$K$82,2,FALSE) -> MT | F83: =+VLOOKUP(D83,$D$12:$F$59,3,FALSE) -> 3 | G83: =+VLOOKUP(D83,'Estudio de Mercado insumos'!$B$4:$K$82,10,FALSE) -> 18000 | H83: =+F83*G83 -> 54000 | I83: =+F83*80 -> 240
D84: Liencillo | E84: =+VLOOKUP(D84,'Estudio de Mercado insumos'!$B$4:$K$82,2,FALSE) -> MT | F84: =+VLOOKUP(D84,$D$12:$F$59,3,FALSE) -> 3 | G84: =+VLOOKUP(D84,'Estudio de Mercado insumos'!$B$4:$K$82,10,FALSE) -> 16000 | H84: =+F84*G84 -> 48000 | I84: =+F84*80 -> 240
D85: Papel maché 20 lbs c/u | E85: =+VLOOKUP(D85,'Estudio de Mercado insumos'!$B$4:$K$82,2,FALSE) -> UN | F85: =+VLOOKUP(D85,$D$12:$F$59,3,FALSE) -> 1 | G85: =+VLOOKUP(D85,'Estudio de Mercado insumos'!$B$4:$K$82,10,FALSE) -> 618000 | H85: =+F85*G85 -> 618000 | I85: =+F85*80 -> 80
D86: Correderas de variedades de colores | E86: =+VLOOKUP(D86,'Estudio de Mercado insumos'!$B$4:$K$82,2,FALSE) -> UN | F86: 30 | G86: =+VLOOKUP(D86,'Estudio de Mercado insumos'!$B$4:$K$82,10,FALSE) -> 2600 | H86: =+F86*G86 -> 78000 | I86: =+F86*80 -> 2400
D87: Pinza guaya | E87: =+VLOOKUP(D87,'Estudio de Mercado insumos'!$B$4:$K$82,2,FALSE) -> UN | F87: =+VLOOKUP(D87,$D$12:$F$59,3,FALSE) -> 3 | G87: =+VLOOKUP(D87,'Estudio de Mercado insumos'!$B$4:$K$82,10,FALSE) -> 17000 | H87: =+F87*G87 -> 51000 | I87: =+F87*80 -> 240
D88: Caja alfiler | E88: =+VLOOKUP(D88,'Estudio de Mercado insumos'!$B$4:$K$82,2,FALSE) -> UN | F88: =+VLOOKUP(D88,$D$12:$F$59,3,FALSE) -> 2 | G88: =+VLOOKUP(D88,'Estudio de Mercado insumos'!$B$4:$K$82,10,FALSE) -> 20000 | H88: =+F88*G88 -> 40000 | I88: =+F88*80 -> 160
D89: balines | E89: =+VLOOKUP(D89,'Estudio de Mercado insumos'!$B$4:$K$82,2,FALSE) -> UN | F89: =+VLOOKUP(D89,$D$12:$F$59,3,FALSE) -> 30 | G89: =+VLOOKUP(D89,'Estudio de Mercado insumos'!$B$4:$K$82,10,FALSE) -> 4000 | H89: =+F89*G89 -> 120000 | I89: =+F89*80 -> 2400
D90: Anzuelo aretes | E90: =+VLOOKUP(D90,'Estudio de Mercado insumos'!$B$4:$K$82,2,FALSE) -> UN | F90: =+VLOOKUP(D90,$D$12:$F$59,3,FALSE) -> 30 | G90: =+VLOOKUP(D90,'Estudio de Mercado insumos'!$B$4:$K$82,10,FALSE) -> 2000 | H90: =+F90*G90 -> 60000 | I90: =+F90*80 -> 2400
D91: Argolla para insertar arete | E91: =+VLOOKUP(D91,'Estudio de Mercado insumos'!$B$4:$K$82,2,FALSE) -> UN | F91: 150 | G91: =+VLOOKUP(D91,'Estudio de Mercado insumos'!$B$4:$K$82,10,FALSE) -> 1000 | H91: =+F91*G91 -> 150000 | I91: =+F91*80 -> 12000
D92: Hilo búfalo varios colores | E92: =+VLOOKUP(D92,'Estudio de Mercado insumos'!$B$4:$K$82,2,FALSE) -> UN | F92: =+VLOOKUP(D92,$D$12:$F$59,3,FALSE) -> 3 | G92: =+VLOOKUP(D92,'Estudio de Mercado insumos'!$B$4:$K$82,10,FALSE) -> 10000 | H92: =+F92*G92 -> 30000 | I92: =+F92*80 -> 240
D93: Silicona Liquida | E93: =+VLOOKUP(D93,'Estudio de Mercado insumos'!$B$4:$K$82,2,FALSE) -> UN | F93: =+VLOOKUP(D93,$D$12:$F$59,3,FALSE) -> 3 | G93: =+VLOOKUP(D93,'Estudio de Mercado insumos'!$B$4:$K$82,10,FALSE) -> 12000 | H93: =+F93*G93 -> 36000 | I93: =+F93*80 -> 240
D94: Silicona en Barra | E94: =+VLOOKUP(D94,'Estudio de Mercado insumos'!$B$4:$K$82,2,FALSE) -> UN | F94: 25 | G94: =+VLOOKUP(D94,'Estudio de Mercado insumos'!$B$4:$K$82,10,FALSE) -> 3000 | H94: =+F94*G94 -> 75000 | I94: =+F94*80 -> 2000
D95: Juego de pinzas de bisuteria | E95: =+VLOOKUP(D95,'Estudio de Mercado insumos'!$B$4:$K$82,2,FALSE) -> UN | F95: =+VLOOKUP(D95,$D$12:$F$59,3,FALSE) -> 1 | G95: =+VLOOKUP(D95,'Estudio de Mercado insumos'!$B$4:$K$82,10,FALSE) -> 65000 | H95: =+F95*G95 -> 65000 | I95: =+F95*80 -> 80
D96: Pinzas con punta de Silicona | E96: =+VLOOKUP(D96,'Estudio de Mercado insumos'!$B$4:$K$82,2,FALSE) -> UN | F96: =+VLOOKUP(D96,$D$12:$F$59,3,FALSE) -> 1 | G96: =+VLOOKUP(D96,'Estudio de Mercado insumos'!$B$4:$K$82,10,FALSE) -> 25000 | H96: =+F96*G96 -> 25000 | I96: =+F96*80 -> 80
D97: Quemador flameador para totumo | E97: =+VLOOKUP(D97,'Estudio de Mercado insumos'!$B$4:$K$82,2,FALSE) -> UN | F97: =+VLOOKUP(D97,$D$12:$F$59,3,FALSE) -> 2 | G97: =+VLOOKUP(D97,'Estudio de Mercado insumos'!$B$4:$K$82,10,FALSE) -> 90000 | H97: =+F97*G97 -> 180000 | I97: =+F97*80 -> 160
D98: Gas para flamea | E98: =+VLOOKUP(D98,'Estudio de Mercado insumos'!$B$4:$K$82,2,FALSE) -> UN | F98: =+VLOOKUP(D98,$D$12:$F$59,3,FALSE) -> 2 | G98: =+VLOOKUP(D98,'Estudio de Mercado insumos'!$B$4:$K$82,10,FALSE) -> 19000 | H98: =+F98*G98 -> 38000 | I98: =+F98*80 -> 160
D99: Hilaya para bisuteria | E99: =+VLOOKUP(D99,'Estudio de Mercado insumos'!$B$4:$K$82,2,FALSE) -> KIT | F99: =+VLOOKUP(D99,$D$12:$F$59,3,FALSE) -> 2 | G99: =+VLOOKUP(D99,'Estudio de Mercado insumos'!$B$4:$K$82,10,FALSE) -> 59000 | H99: =+F99*G99 -> 118000 | I99: =+F99*80 -> 160
D100: Totuma (1 unidad grande) | E100: =+VLOOKUP(D100,'Estudio de Mercado insumos'!$B$4:$K$82,2,FALSE) -> UN | F100: =+VLOOKUP(D100,$D$12:$F$59,3,FALSE) -> 30 | G100: =+VLOOKUP(D100,'Estudio de Mercado insumos'!$B$4:$K$82,10,FALSE) -> 9750 | H100: =+F100*G100 -> 292500 | I100: =+F100*80 -> 2400
D101: Argollas pequeñas | E101: =+VLOOKUP(D101,'Estudio de Mercado insumos'!$B$4:$K$82,2,FALSE) -> UN | F101: 60 | G101: =+VLOOKUP(D101,'Estudio de Mercado insumos'!$B$4:$K$82,10,FALSE) -> 3600 | H101: =+F101*G101 -> 216000 | I101: =+F101*80 -> 4800
D102: Argollas grandes | E102: =+VLOOKUP(D102,'Estudio de Mercado insumos'!$B$4:$K$82,2,FALSE) -> UN | F102: 60 | G102: =+VLOOKUP(D102,'Estudio de Mercado insumos'!$B$4:$K$82,10,FALSE) -> 5000 | H102: =+F102*G102 -> 300000 | I102: =+F102*80 -> 4800
D103: Perlas #2,#4 y #6 | E103: =+VLOOKUP(D103,'Estudio de Mercado insumos'!$B$4:$K$82,2,FALSE) -> UN | F103: =+VLOOKUP(D103,$D$12:$F$59,3,FALSE) -> 3 | G103: =+VLOOKUP(D103,'Estudio de Mercado insumos'!$B$4:$K$82,10,FALSE) -> 140000 | H103: =+F103*G103 -> 420000 | I103: =+F103*80 -> 240
D104: Murano imitación | E104: =+VLOOKUP(D104,'Estudio de Mercado insumos'!$B$4:$K$82,2,FALSE) -> Bolsa | F104: =+VLOOKUP(D104,$D$12:$F$59,3,FALSE) -> 3 | G104: =+VLOOKUP(D104,'Estudio de Mercado insumos'!$B$4:$K$82,10,FALSE) -> 35180 | H104: =+F104*G104 -> 105540 | I104: =+F104*80 -> 240
D105: Hualla para bisutería | E105: =+VLOOKUP(D105,'Estudio de Mercado insumos'!$B$4:$K$82,2,FALSE) -> rollos | F105: =+VLOOKUP(D105,$D$12:$F$59,3,FALSE) -> 3 | G105: =+VLOOKUP(D105,'Estudio de Mercado insumos'!$B$4:$K$82,10,FALSE) -> 16000 | H105: =+F105*G105 -> 48000 | I105: =+F105*80 -> 240
D106: Alambre bisutería | E106: =+VLOOKUP(D106,'Estudio de Mercado insumos'!$B$4:$K$82,2,FALSE) -> rollos | F106: =+VLOOKUP(D106,$D$12:$F$59,3,FALSE) -> 3 | G106: =+VLOOKUP(D106,'Estudio de Mercado insumos'!$B$4:$K$82,10,FALSE) -> 18000 | H106: =+F106*G106 -> 54000 | I106: =+F106*80 -> 240
D107: Hilo Nailon | E107: =+VLOOKUP(D107,'Estudio de Mercado insumos'!$B$4:$K$82,2,FALSE) -> rollos | F107: =+VLOOKUP(D107,$D$12:$F$59,3,FALSE) -> 2 | G107: =+VLOOKUP(D107,'Estudio de Mercado insumos'!$B$4:$K$82,10,FALSE) -> 30000 | H107: =+F107*G107 -> 60000 | I107: =+F107*80 -> 160
D108: Nailon elástico | E108: =+VLOOKUP(D108,'Estudio de Mercado insumos'!$B$4:$K$82,2,FALSE) -> rollos | F108: =+VLOOKUP(D108,$D$12:$F$59,3,FALSE) -> 2 | G108: =+VLOOKUP(D108,'Estudio de Mercado insumos'!$B$4:$K$82,10,FALSE) -> 18000 | H108: =+F108*G108 -> 36000 | I108: =+F108*80 -> 160
D109: Agujas para mostacillas | E109: =+VLOOKUP(D109,'Estudio de Mercado insumos'!$B$4:$K$82,2,FALSE) -> UN | F109: =+VLOOKUP(D109,$D$12:$F$59,3,FALSE) -> 30 | G109: =+VLOOKUP(D109,'Estudio de Mercado insumos'!$B$4:$K$82,10,FALSE) -> 8000 | H109: =+F109*G109 -> 240000 | I109: =+F109*80 -> 2400
D110: Tambores para bordar | E110: =+VLOOKUP(D110,'Estudio de Mercado insumos'!$B$4:$K$82,2,FALSE) -> UN | F110: =+VLOOKUP(D110,$D$12:$F$59,3,FALSE) -> 3 | G110: =+VLOOKUP(D110,'Estudio de Mercado insumos'!$B$4:$K$82,10,FALSE) -> 22000 | H110: =+F110*G110 -> 66000 | I110: =+F110*80 -> 240
D111: Piola Currican Kliche | E111: =+VLOOKUP(D111,'Estudio de Mercado insumos'!$B$4:$K$82,2,FALSE) -> UN | F111: =+VLOOKUP(D111,$D$12:$F$59,3,FALSE) -> 2 | G111: =+VLOOKUP(D111,'Estudio de Mercado insumos'!$B$4:$K$82,10,FALSE) -> 40600 | H111: =+F111*G111 -> 81200 | I111: =+F111*80 -> 160
D112: Cuerda 9,3 Color *100 | E112: =+VLOOKUP(D112,'Estudio de Mercado insumos'!$B$4:$K$82,2,FALSE) -> UN | F112: =+VLOOKUP(D112,$D$12:$F$59,3,FALSE) -> 2 | G112: =+VLOOKUP(D112,'Estudio de Mercado insumos'!$B$4:$K$82,10,FALSE) -> 7678 | H112: =+F112*G112 -> 15356 | I112: =+F112*80 -> 160
D113: Marco para segueta Amarillo y Negro Joni | E113: =+VLOOKUP(D113,'Estudio de Mercado insumos'!$B$4:$K$82,2,FALSE) -> UN | F113: =+VLOOKUP(D113,$D$12:$F$59,3,FALSE) -> 3 | G113: =+VLOOKUP(D113,'Estudio de Mercado insumos'!$B$4:$K$82,10,FALSE) -> 10630 | H113: =+F113*G113 -> 31890 | I113: =+F113*80 -> 240
D114: Pegantes | E114: =+VLOOKUP(D114,'Estudio de Mercado insumos'!$B$4:$K$82,2,FALSE) -> Galones | F114: =+VLOOKUP(D114,$D$12:$F$59,3,FALSE) -> 1 | G114: =+VLOOKUP(D114,'Estudio de Mercado insumos'!$B$4:$K$82,10,FALSE) -> 15000 | H114: =+F114*G114 -> 15000 | I114: =+F114*80 -> 80
... D118: Recina para brillar GL | E118: =+VLOOKUP(D118,'Estudio de Mercado insumos'!$B$4:$K$82,2,FALSE) -> UN | F118: =+VLOOKUP(D118,$D$12:$F$59,3,FALSE) -> 1 | G118: =+VLOOKUP(D118,'Estudio de Mercado insumos'!$B$4:$K$82,10,FALSE) -> 142000 | H118: =+F118*G118 -> 142000 | I118: =+F118*80 -> 80
D119: Periegrafador | E119: =+VLOOKUP(D119,'Estudio de Mercado insumos'!$B$4:$K$82,2,FALSE) -> UN | F119: 1 | G119: =+VLOOKUP(D119,'Estudio de Mercado insumos'!$B$4:$K$82,10,FALSE) -> 138375 | H119: =+F119*G119 -> 138375 | I119: =+F119*80 -> 80
D120: Pintura Acrílica 120ml Fx Arte | E120: =+VLOOKUP(D120,'Estudio de Mercado insumos'!$B$4:$K$82,2,FALSE) -> ML | F120: 3 | G120: =+VLOOKUP(D120,'Estudio de Mercado insumos'!$B$4:$K$82,10,FALSE) -> 10000 | H120: =+F120*G120 -> 30000 | I120: =+F120*80 -> 240
D121: Bejuco de Cadena (1kg) | E121: =+VLOOKUP(D121,'Estudio de Mercado insumos'!$B$4:$K$82,2,FALSE) -> KG | F121: =+VLOOKUP(D121,$D$12:$F$59,3,FALSE) -> 3 | G121: =+VLOOKUP(D121,'Estudio de Mercado insumos'!$B$4:$K$82,10,FALSE) -> 27675 | H121: =+F121*G121 -> 83025 | I121: =+F121*80 -> 240
D122: Pita | E122: =+VLOOKUP(D122,'Estudio de Mercado insumos'!$B$4:$K$82,2,FALSE) -> ROLLOS | F122: =+VLOOKUP(D122,$D$12:$F$59,3,FALSE) -> 3 | G122: =+VLOOKUP(D122,'Estudio de Mercado insumos'!$B$4:$K$82,10,FALSE) -> 47000 | H122: =+F122*G122 -> 141000 | I122: =+F122*80 -> 240
B123: TOTAL UNIDAD PRODUCTIVA | H123: =SUM(H79:H122) -> 5647486
B124: Artesanías en fibras y tejidos varios | C124: =+'Listado Beneficiarios'!B118 -> Baranoa | D124: Hilo para bordar | E124: =+VLOOKUP(D124,'Estudio de Mercado insumos'!$B$4:$K$82,2,FALSE) -> MT | F124: =+VLOOKUP(D124,$D$12:$F$59,3,FALSE) -> 3 | G124: =+VLOOKUP(D124,'Estudio de Mercado insumos'!$B$4:$K$82,10,FALSE) -> 17000 | H124: =+F124*G124 -> 51000 | I124: =+F124*200 -> 600
D125: Marco para segueta Amarillo y Negro Joni | E125: =+VLOOKUP(D125,'Estudio de Mercado insumos'!$B$4:$K$82,2,FALSE) -> UN | F125: =+VLOOKUP(D125,$D$12:$F$59,3,FALSE) -> 3 | G125: =+VLOOKUP(D125,'Estudio de Mercado insumos'!$B$4:$K$82,10,FALSE) -> 10630 | H125: =+F125*G125 -> 31890 | I125: =+F125*200 -> 600
D126: Fibras Naturales (1kg) | E126: =+VLOOKUP(D126,'Estudio de Mercado insumos'!$B$4:$K$82,2,FALSE) -> KG | F126: 3 | G126: =+VLOOKUP(D126,'Estudio de Mercado insumos'!$B$4:$K$82,10,FALSE) -> 26950 | H126: =+F126*G126 -> 80850 | I126: =+F126*200 -> 600
D127: Tintes (Industriales y naturales, 1 unidad de 100g/ml) | E127: =+VLOOKUP(D127,'Estudio de Mercado insumos'!$B$4:$K$82,2,FALSE) -> G/ML | F127: =+VLOOKUP(D127,$D$12:$F$59,3,FALSE) -> 2 | G127: =+VLOOKUP(D127,'Estudio de Mercado insumos'!$B$4:$K$82,10,FALSE) -> 20233 | H127: =+F127*G127 -> 40466 | I127: =+F127*200 -> 400
D128: Herramientas Básicas (Set) | E128: =+VLOOKUP(D128,'Estudio de Mercado insumos'!$B$4:$K$82,2,FALSE) -> UN | F128: 2 | G128: =+VLOOKUP(D128,'Estudio de Mercado insumos'!$B$4:$K$82,10,FALSE) -> 52950 | H128: =+F128*G128 -> 105900 | I128: =+F128*200 -> 400
D129: Agujas Surtido | E129: =+VLOOKUP(D129,'Estudio de Mercado insumos'!$B$4:$K$82,2,FALSE) -> KIT | F129: =+VLOOKUP(D129,$D$12:$F$59,3,FALSE) -> 3 | G129: =+VLOOKUP(D129,'Estudio de Mercado insumos'!$B$4:$K$82,10,FALSE) -> 55000 | H129: =+F129*G129 -> 165000 | I129: =+F129*200 -> 600
D130: Hilo para bordar | E130: =+VLOOKUP(D130,'Estudio de Mercado insumos'!$B$4:$K$82,2,FALSE) -> MT | F130: =+VLOOKUP(D130,$D$12:$F$59,3,FALSE) -> 3 | G130: =+VLOOKUP(D130,'Estudio de Mercado insumos'!$B$4:$K$82,10,FALSE) -> 17000 | H130: =+F130*G130 -> 51000 | I130: =+F130*200 -> 600
D131: Pintura en tela surtida en color | E131: =+VLOOKUP(D131,'Estudio de Mercado insumos'!$B$4:$K$82,2,FALSE) -> UN | F131: =+VLOOKUP(D131,$D$12:$F$59,3,FALSE) -> 3 | G131: =+VLOOKUP(D131,'Estudio de Mercado insumos'!$B$4:$K$82,10,FALSE) -> 15300 | H131: =+F131*G131 -> 45900 | I131: =+F131*200 -> 600
D132: Tela Fique | E132: =+VLOOKUP(D132,'Estudio de Mercado insumos'!$B$4:$K$82,2,FALSE) -> MT | F132: =+VLOOKUP(D132,$D$12:$F$59,3,FALSE) -> 3 | G132: =+VLOOKUP(D132,'Estudio de Mercado insumos'!$B$4:$K$82,10,FALSE) -> 18000 | H132: =+F132*G132 -> 54000 | I132: =+F132*200 -> 600
D133: Liencillo | E133: =+VLOOKUP(D133,'Estudio de Mercado insumos'!$B$4:$K$82,2,FALSE) -> MT | F133: =+VLOOKUP(D133,$D$12:$F$59,3,FALSE) -> 3 | G133: =+VLOOKUP(D133,'Estudio de Mercado insumos'!$B$4:$K$82,10,FALSE) -> 16000 | H133: =+F133*G133 -> 48000 | I133: =+F133*200 -> 600
D134: Papel maché 20 lbs c/u | E134: =+VLOOKUP(D134,'Estudio de Mercado insumos'!$B$4:$K$82,2,FALSE) -> UN | F134: =+VLOOKUP(D134,$D$12:$F$59,3,FALSE) -> 1 | G134: =+VLOOKUP(D134,'Estudio de Mercado insumos'!$B$4:$K$82,10,FALSE) -> 618000 | H134: =+F134*G134 -> 618000 | I134: =+F134*200 -> 200
...

Sheet 1.2. Feria Artesanal
C4: Vigencia: 3/06/2025
B5: =+'1.1. Entrega de Insumos'!B5 -> Entidad Formuladora | C5: =+'1.1. Entrega de Insumos'!D5 -> CABILDO INDÍGENA DE LA COMUNIDAD MOKANA DE BARANOA
B6: NOMBRE DEL PROYECTO: | C6: =+'1.1. Entrega de Insumos'!D6 -> FORTALECIMIENTO ECONÓMICO DEL SECTOR DE ARTESANIAS DE LAS COMUNIDADES INDÍGENAS MOKANA EN LOS MUNICIPIOS DE BARANOA, GALAPA, USIACURÍ, TUBARÁ Y PUERTO COLOMBIA, EN EL DEPARTAMENTO DEL ATLÁNTICO
B7: SISTEMA A IMPLEMENTAR: | C7: =+'Presupuesto Global'!C15 -> 1.2. Realizar una feria artesanal para la promoción y divulgación de las artesanías
B9: CATEGORIA DE INVERSIÓN | C9: Unidad | D9: Cantidad | E9: Valor Unitario ($) | F9: Valor Total/Ha ($)
B10: Stand en madera | C10: UND | D10: =3*7 -> 21 | E10: =+'Estudio de Mercado insumos'!M96 -> 560000 | F10: =+D10*E10 -> 11760000
B11: Alquiler lugar para realizar la feria | C11: DIA | D11: 5 | E11: =+'Estudio de Mercado insumos'!M97 -> 1540000 | F11: =+D11*E11 -> 7700000
B12: Hospedaje de 17 personas por 5 dias | C12: UND | D12: =17*5 -> 85 | E12: =+'Estudio de Mercado insumos'!M100 -> 236200 | F12: =+D12*E12 -> 20077000
B13: Alimentación completa participacion como expositores feria (viáticos) | C13: UND | D13: 85 | E13: 80000 | F13: =+D13*E13 -> 6800000
B14: Transporte mercancia especializado | C14: VIAJE | D14: 2 | E14: =+'Estudio de Mercado insumos'!K91 -> 930550 | F14: =+D14*E14 -> 1861100
B15: Transporte ida y vuelta | C15: PASAJE | D15: 4 | E15: =+'Estudio de Mercado insumos'!K92 -> 1280000 | F15: =+D15*E15 -> 5120000
B16: =+'Estudio de Mercado insumos'!B101 -> Cuñas radiales para invitar a la feria | C16: UND | D16: 50 | E16: =+'Estudio de Mercado insumos'!M101 -> 11250 | F16: =+D16*E16 -> 562500
B17: TOTAL COSTOS ACTIVIDAD | F17: =SUM(F10:F16) -> 53880600
B19: Nota: Son 3 stands de madera por cada comunidad.
B26: MARÍA MERCED LLANOS C. | E26: HENRY MANUEL GARCIA ACOSTA
B27: Profesional de apoyo en formulación de proyectos | E27: Representante Legal
E28: CC. 72015707

Sheet 2.1. Formación 
B3: =+'1.1. Entrega de Insumos'!D4 -> Vigencia: 3/06/2025
B4: =+'1.2. Feria Artesanal'!B5 -> Entidad Formuladora | D4: =+'1.1. Entrega de Insumos'!D5 -> CABILDO INDÍGENA DE LA COMUNIDAD MOKANA DE BARANOA
B5: NOMBRE DEL PROYECTO: | D5: =+'1.2. Feria Artesanal'!C6 -> FORTALECIMIENTO ECONÓMICO DEL SECTOR DE ARTESANIAS DE LAS COMUNIDADES INDÍGENAS MOKANA EN LOS MUNICIPIOS DE BARANOA, GALAPA, USIACURÍ, TUBARÁ Y PUERTO COLOMBIA, EN EL DEPARTAMENTO DEL ATLÁNTICO
B6: ACTIVIDAD A IMPLEMENTAR: | D6: =+'Presupuesto Global'!C17 -> 2.1. Realizar escuelas de formación para transferir conocimientos
B8: DESCRIPCIÓN | D8: UNIDAD | E8: CANTIDAD | G8: COSTO UNITARIO | H8: VALOR TOTAL UN EVENTO ($)
B9: 1. ALIMENTACIÓN | H9: =SUM(H10:H12) -> 75020000
B10: Desayuno (Porcion de 100 g de proteina, porcion de 100 g de frutas, porcion de 120 g de carbohidrato+ acompañamiento con bebida a base de agua) | D10: Unidad | E10: 682 | G10: =+'Estudio de Mercado insumos'!K85 -> 30000 | H10: =G10*E10 -> 20460000
B11: Almuerzo (Porcion de 150 g de proteina, porcion de 75 g de verduras, porcion de 200 g de carbohidrato+ acompañamiento con bebida a base de agua) | D11: Unidad | E11: 682 | G11: =+'Estudio de Mercado insumos'!K86 -> 35000 | H11: =G11*E11 -> 23870000
B12: Refrigerio + Hidratacion (Porcion de 75 g de proteina, porción de 100 g de carbohidrato+ botella plastica de agua ) | D12: Unidad | E12: 682 | G12: =+'Estudio de Mercado insumos'!K87+'Estudio de Mercado insumos'!K88 -> 45000 | H12: =G12*E12 -> 30690000
B13: 2. MATERIALES PARA EL DESARROLLO DEL EVENTO | H13: =SUM(H14:H15) -> 12362434
B14: Pendones publicitarios tipo araña 60 x 160 cm y 200 x 100 cm en material baner con estructura en aluminio | D14: Unidad | E14: 2 | G14: =+'Estudio de Mercado insumos'!M98 -> 196667 | H14: =G14*E14 -> 393334
B15: =+'Estudio de Mercado insumos'!B99 -> Elaboración de cartillas ful lcolor en laser papel bond tamaño carta, 21*27cm | D15: Unidad | E15: 682 | G15: =+'Estudio de Mercado insumos'!M99 -> 17550 | H15: =G15*E15 -> 11969100
B16: 3. MANO DE OBRA CALIFICADA | H16: =SUM(H17:H18) -> 6800000
B17: Talleristas Artesanias | D17: Unidad | E17: 2 | F17: 1700000 | H17: =+F17*E17 -> 3400000
B18: Talleristas emprendimiento y empresarización | D18: Unidad | E18: 2 | F18: 1700000 | H18: =+F18*E18 -> 3400000
B19: TOTAL COSTOS ACTIVIDAD | H19: =SUM(H13,H9,H16) -> 94182434
B24: MARÍA MERCED LLANOS C. | E24: HENRY MANUEL GARCIA ACOSTA
B25: Profesional de apoyo en formulación de proyectos | E25: Representante Legal
E26: CC. 72015707

Sheet 2.2. Apoyo a la supervisión
A4: =+'Presupuesto Global'!H3 -> 46145
A5: =+'[702]1.2. Feria Artesanal'!B5 -> Entidad Formuladora | D5: =+'[702]1.1. Entrega de Insumos'!D5 -> CABILDO INDÍGENA DE LA COMUNIDAD MOKANA DE BARANOA
A6: NOMBRE DEL PROYECTO: | D6: =+'[702]1.2. Feria Artesanal'!C6 -> FORTALECIMIENTO ECONÓMICO DEL SECTOR DE ARTESANIAS DE LAS COMUNIDADES INDÍGENAS MOKANA EN LOS MUNICIPIOS DE BARANOA, GALAPA, USIACURÍ, TUBARÁ Y PUERTO COLOMBIA, EN EL DEPARTAMENTO DEL ATLÁNTICO
A7: ACTIVIDAD A IMPLEMENTAR: | D7: =+'Presupuesto Global'!#REF! -> #REF!
A9: ITEM | B9: UNIDAD | C9: CANT. | D9: TIEMPO (MESES) | E9: VALOR UNITARIO | F9: VALOR TOTAL SGR
A10: 1. Costos de personal | F10: =SUM(F11:F11) -> 48225016
A11: Profesional para la supervisión Profesional: Un (1) profesional titulado en ingeniera industrial, o algún area social. | B11: 1 | C11: 1 | D11: 7 | E11: =+Interventoría!F11 -> 6889288 | F11: =C11*E11*B11*D11 -> 48225016 | G11: =+E11/6 -> 1148214.7 | H11: =+F11/7 -> 6889288
A12: TOTAL APOYO A SUPERVISIÓN | F12: =+F10 -> 48225016
A13: Nota: El salario del supervisor es integral
A14: Nota 1: Salarios soportados en el decreto No. 00195 de 2026, ya que ni la gobernación no las alcaldías de los municipios tienen decreto salarial.
A21: MARÍA MERCED LLANOS C. | D21: HENRY MANUEL GARCIA ACOSTA
A22: Profesional de apoyo en formulación de proyectos | D22: Representante Legal
D23: CC. 72015707

Sheet Interventoría
A4: =+'2.1. Formación '!B3 -> Vigencia: 3/06/2025
A5: =+'1.2. Feria Artesanal'!B5 -> Entidad Formuladora | D5: =+'1.1. Entrega de Insumos'!D5 -> CABILDO INDÍGENA DE LA COMUNIDAD MOKANA DE BARANOA
A6: NOMBRE DEL PROYECTO: | D6: =+'1.2. Feria Artesanal'!C6 -> FORTALECIMIENTO ECONÓMICO DEL SECTOR DE ARTESANIAS DE LAS COMUNIDADES INDÍGENAS MOKANA EN LOS MUNICIPIOS DE BARANOA, GALAPA, USIACURÍ, TUBARÁ Y PUERTO COLOMBIA, EN EL DEPARTAMENTO DEL ATLÁNTICO
A7: ACTIVIDAD A IMPLEMENTAR: | D7: =+'Presupuesto Global'!F23 -> Interventoría
A9: ITEM | B9: UNIDAD | C9: CANT. | D9: TIEMPO (MESES) | E9: FM | F9: VALOR UNITARIO | G9: VALOR TOTAL SGR
A10: 1. Costos de personal | G10: =SUM(G12:G13) -> 1.2127669e+08
A11: =+Administración!A11 -> Coordinador Administrativo y Financiero | B11: 1 | C11: 0.5 | D11: 7 | E11: =+'F. MULTIPLICADOR'!$H$51 -> 1.86 | F11: =+Administración!F11 -> 6889288 | G11: =+F11*D11*C11*E11 -> 44849265 | H11: =+G11/7 -> 6407037.8 | I11: =+H11/6 -> 1067839.6
A12: =+Administración!A12 -> Apoyo jurídico | B12: 1 | C12: 1 | D12: 6 | E12: =+'F. MULTIPLICADOR'!$H$51 -> 1.86 | F12: =+Administración!F12 -> 6077584 | G12: =+F12*D12*C12*E12 -> 67825837
A13: =+Administración!A13 -> Asistente Administrativo | B13: 1 | C13: 1 | D13: 6 | E13: =+'F. MULTIPLICADOR'!$H$51 -> 1.86 | F13: =+Administración!F13 -> 4789503 | G13: =+F13*D13*C13*E13 -> 53450853
A14: 2. Otros Costos Operativos | G14: =SUM(G15:G18) -> 78631800
A15: Servicio de Transporte Servicio Especial (incluido conductor, combustible, costos de mantenimiento y otros costos de desplazamiento) | C15: 1 | D15: 6 | F15: =+'Estudio de Mercado insumos'!M104 -> 4348000 | G15: =F15*D15 -> 26088000
A16: Arriendo de oficinas (incluiye servicios públicos: energía, acueducto y alcantarillado, internet y comunicaciones) | C16: 1 | D16: 6 | F16: =+'Estudio de Mercado insumos'!M102 -> 2700000 | G16: =F16*D16 -> 16200000
A17: Resma de papel Oficio Reprograf 75 gr blanca x 500 hojas | B17: 15 | F17: =+'Estudio de Mercado insumos'!K22 -> 22920 | G17: =F17*B17 -> 343800
A18: Alquiler de equipos de informática, computador portátil - 15.6" Pulgadas - AMD Ryzen 7 - RAM 16GB - Disco SSD 512 GB SSD Impresora, Calidad de impresión, Alta resolución, Formato de papel A4, Cantidad de puertos USB 1, Tipo de impresora, Impresora láser, Tipo de inyección Láser, Impresión de alta velocidad y a doble cara en escaneado a doble cara de hasta 42 ppm. | C18: 4 | D18: 6 | F18: =+'Estudio de Mercado insumos'!M103 -> 1500000 | G18: =F18*D18*C18 -> 36000000
A19: TOTAL INTERVENTORÍA | G19: =+G10+G14 -> 1.9990849e+08
F20: Iva 19% | G20: =+G19*19% -> 37982613
E21: TOTAL INTERVENTORÍA | G21: =+ROUND(G19+G20,0) -> 237891104
A22: Nota: Salarios soportados en el decreto No. 00195 de 2026, ya que ni la gobernación no las alcaldías de los municipios tienen decreto salarial.
A28: MARÍA MERCED LLANOS C. | D28: HENRY MANUEL GARCIA ACOSTA
A29: Profesional de apoyo en formulación de proyectos | D29: Representante Legal
D30: CC. 72015707

Sheet F. MULTIPLICADOR
C2: FACTOR MULTIPLICADOR
B5: Salario Mínimo Mensual Legal Vigente año 2026 | D5: =+'[703]F. PRESTACIONAL'!D5 -> 1750905
B6: Subsidio de Transporte (salario <= 2 SMMLV) | D6: =+'[703]F. PRESTACIONAL'!D6 -> 249095
B7: ÍTEM | C7: DESCRICIÓN | E7: < = 2 SMMLV | F7: < = 2 SMMLV | G7: > 2 SMMLV | H7: > 2 SMMLV
E8: DE OFICINA | F8: DE CAMPO | G8: DE OFICINA | H8: DE CAMPO
E9: RIESGO I | F9: RIESGO V | G9: RIESGO I | H9: RIESGO V
B10: A | C10: SALARIO BÁSICO | E10: 1 | F10: 1 | G10: 1 | H10: 1
B11: B | C11: PRESTACIONES SOCIALES | E11: =SUM(E12:E15) -> 0.2183 | F11: =SUM(F12:F15) -> 0.2183 | G11: =SUM(G12:G15) -> 0.1766 | H11: =SUM(H12:H15) -> 0.1766
C12: Primas de Servicio | D12: (A/12) | E12: 0.0833 | F12: 0.0833 | G12: 0.0833 | H12: 0.0833
C13: Cesantías | D13: (A/12) | E13: 0.0833 | F13: 0.0833 | G13: 0.0833 | H13: 0.0833
C14: Intereses sobre cesantías | D14: (A*12%) | E14: 0.01 | F14: 0.01 | G14: 0.01 | H14: 0.01
C15: Dotación de ley | E15: 0.0417 | F15: 0.0417
B16: C | C16: SISTEMA DE SEGURIDAD SOCIAL INTEGRAL | E16: =SUM(E17:E19) -> 0.2102 | F16: =SUM(F17:F19) -> 0.2746 | G16: =SUM(G17:G19) -> 0.2102 | H16: =SUM(H17:H19) -> 0.2746
C17: Salud | D17: A% | E17: 0.085 | F17: 0.085 | G17: 0.085 | H17: 0.085
C18: Riesgos Profesionales | D18: A% | E18: 0.0052 | F18: 0.0696 | G18: 0.0052 | H18: 0.0696
C19: Pensiones | D19: A% | E19: 0.12 | F19: 0.12 | G19: 0.12 | H19: 0.12
B20: D | C20: OTROS | E20: =SUM(E21:E28) -> 0.31893309 | F20: =SUM(F21:F28) -> 0.31893309 | G20: =SUM(G21:G28) -> 0.17666667 | H20: =SUM(H21:H28) -> 0.17666667
C21: CAJA DE COMPENSACIÓN | D21: %A | E21: 0.04 | F21: 0.04 | G21: 0.04 | H21: 0.04
C22: SENA | D22: %A | E22: 0.02 | F22: 0.02 | G22: 0.02 | H22: 0.02
C23: ICBF | D23: %A | E23: 0.03 | F23: 0.03 | G23: 0.03 | H23: 0.03
C24: Vacaciones | D24: (15/360*100) | E24: =+((0.0416666666666667)) -> 0.041666667 | F24: =+E24 -> 0.041666667 | G24: =+F24 -> 0.041666667 | H24: =+G24 -> 0.041666667
C25: Ausencias injustificadas | D25: %A | E25: 0.01 | F25: 0.01 | G25: 0.01 | H25: 0.01
C26: Auxilio de transporte | D26: %A | E26: =+'[703]F. PRESTACIONAL'!E27 -> 0.14226643 | F26: =+'[703]F. PRESTACIONAL'!F27 -> 0.14226643
C27: Indemnizaciones | D27: %A | E27: 0.01 | F27: 0.01 | G27: 0.01 | H27: 0.01
C28: Aportes FIC | D28: %A | E28: 0.025 | F28: 0.025 | G28: 0.025 | H28: 0.025
C30: SUB-TOTAL B + C | E30: =+E11+E16 -> 0.4285 | F30: =+F11+F16 -> 0.4929 | G30: =+G11+G16 -> 0.3868 | H30: =+H11+H16 -> 0.4512
C31: SUB-TOTAL A + B + C + D | E31: =+E10+E11+E16+E20 -> 1.7474331 | F31: =+F10+F11+F16+F20 -> 1.8118331 | G31: =+G10+G11+G16+G20 -> 1.5634667 | H31: =+H10+H11+H16+H20 -> 1.6278667
B32: ÍTEM | C32: DESCRIPCIÓN | G32: % | H32: %
B33: E | C33: COSTOS INDIRECTOS
B34: E1 | C34: GASTOS LEGALES Y DE ADMINISTRACION | E34: =SUM(E35:E42) -> 0.085 | F34: =SUM(F35:F42) -> 0.085 | G34: =SUM(G35:G42) -> 0.085 | H34: =SUM(H35:H42) -> 0.085
C35: Servicios públicos | E35: 0.005 | F35: 0.005 | G35: 0.005 | H35: 0.005
C36: Mantenimiento de oficinas | E36: 0.015 | F36: 0.015 | G36: 0.015 | H36: 0.015
C37: Capacitación personal | E37: 0.01 | F37: 0.01 | G37: 0.01 | H37: 0.01
C38: Gastos de viaje | E38: 0.005 | F38: 0.005 | G38: 0.005 | H38: 0.005
C39: Depreciación | E39: 0.01 | F39: 0.01 | G39: 0.01 | H39: 0.01
C40: Vigilancia y aseo | E40: 0.02 | F40: 0.02 | G40: 0.02 | H40: 0.02
C41: Salarios y prestaciones no reembolsables
C42: Personal técnico no facturable | E42: 0.02 | F42: 0.02 | G42: 0.02 | H42: 0.02
B43: E2 | C43: IMPREVISTOS | E43: 0.05 | F43: 0.05 | G43: 0.05 | H43: 0.05
C45: SUB-TOTAL E1 + E2 | E45: =+E34+E43 -> 0.135 | F45: =+F34+F43 -> 0.135 | G45: =+G34+G43 -> 0.135 | H45: =+H34+H43 -> 0.135
B46: ÍTEM | C46: DESCRIPCIÓN | G46: % | H46: %
B47: F | C47: HONORARIOS (INCLUYE GASTOS CONTINGENTES) Varía entre el 10 y 30% del salario | E47: 0.1 | F47: 0.1 | G47: 0.1 | H47: 0.1
C50: FACTOR MULTIPLICADOR (A + B + C + D + E + F) | E50: =+E31+E45+E47 -> 1.9824331 | F50: =+F31+F45+F47 -> 2.0468331 | G50: =+G31+G45+G47 -> 1.7984667 | H50: =+H31+H45+H47 -> 1.8628667
C51: FACTOR MULTIPLICADOR | D51: REDONDEADO | E51: =+ROUND(E50,2) -> 1.98 | F51: =+ROUND(F50,2) -> 2.05 | G51: =+ROUND(G50,2) -> 1.8 | H51: =+ROUND(H50,2) -> 1.86

Sheet Administración
A5: =+'1.2. Feria Artesanal'!B5 -> Entidad Formuladora | C5: =+'1.1. Entrega de Insumos'!D5 -> CABILDO INDÍGENA DE LA COMUNIDAD MOKANA DE BARANOA
A6: NOMBRE DEL PROYECTO: | C6: =+'1.2. Feria Artesanal'!C6 -> FORTALECIMIENTO ECONÓMICO DEL SECTOR DE ARTESANIAS DE LAS COMUNIDADES INDÍGENAS MOKANA EN LOS MUNICIPIOS DE BARANOA, GALAPA, USIACURÍ, TUBARÁ Y PUERTO COLOMBIA, EN EL DEPARTAMENTO DEL ATLÁNTICO
A7: ACTIVIDAD A IMPLEMENTAR: | C7: =+'Presupuesto Global'!F22 -> Administración
A9: DESCRIPCIÓN | C9: UNIDAD | D9: CANTIDAD / DEDICACION | F9: COSTO UNITARIO | G9: TOTAL
A10: 1. Personal | G10: =ROUND(SUM(G11:G14),0) -> 227713358
A11: Coordinador Administrativo y Financiero | B11: 1 | C11: Honorarios/ mes | D11: 7 | E11: 1 | F11: 6889288 | G11: =F11*B11*E11*D11 -> 48225016 | H11: =+G11/7 -> 6889288 | I11: =+F11/6 -> 1148214.7 | J11: Un Profesional Administrador de empresas, con especialización o maestría en gerencia de proyectos
A12: Apoyo jurídico | B12: 1 | C12: Honorarios/ mes | D12: 6 | E12: 0.4 | F12: 6077584 | G12: =+F12*E12*D12 -> 14586202 | J12: Profesional en derecho, especialista en derecho administrativo
A13: Asistente Administrativo | B13: 2 | C13: Honorarios/ mes | D13: 6 | E13: 1 | F13: 4789503 | G13: =F13*B13*E13*D13 -> 57474036 | J13: Técnicos superior en gestión administrativa o técnico en archivo o carreras técnicas afines
A14: Dinamizador Territorial | B14: 4 | C14: Honorarios/ mes | D14: 6 | E14: 1 | F14: 4476171 | G14: =F14*B14*E14*D14 -> 107428104 | J14: Dinamizadores del pueblo Mokaná
A15: 2. Otros Costos Operativos | G15: =SUM(G16:G19) -> 74719800
A16: Servicio de Transporte Servicio Especial (incluido conductor, combustible, costos de mantenimiento y otros costos de desplazamiento) | B16: 2 | C16: Servicio / mes | D16: 6 | F16: =+'Estudio de Mercado insumos'!M104 -> 4348000 | G16: =F16*D16*B16 -> 52176000
A17: Arriendo de oficinas (incluye servicios públicos: energía, acueducto y alcantarillado, internet y comunicaciones) | B17: 1 | C17: Servicio / mes | D17: 6 | F17: =+'Estudio de Mercado insumos'!M102 -> 2700000 | G17: =F17*D17 -> 16200000
A18: Resma de papel Oficio Reprograf 75 gr blanca x 500 hojas | B18: 15 | C18: Unidad | D18: 15 | F18: =+'Estudio de Mercado insumos'!K22 -> 22920 | G18: =F18*B18 -> 343800
A19: Alquiler de equipos de informática, computador portátil - 15.6" Pulgadas - AMD Ryzen 7 - RAM 16GB - Disco SSD 512 GB SSD Impresora, Calidad de impresión, Alta resolución, Formato de papel A4, Cantidad de puertos USB 1, Tipo de impresora, Impresora láser, Tipo de inyección Láser, Impresión de alta velocidad y a doble cara en escaneado a doble cara de hasta 42 ppm. | B19: 4 | C19: Servicio / mes | D19: 6 | F19: =+'Estudio de Mercado insumos'!M103 -> 1500000 | G19: =F19*B19 -> 6000000
A20: TOTAL ADMINISTRACIÓN | G20: =ROUND(SUM(G10+G15),2) -> 302433158
A21: Nota: Salarios soportados en el decreto No. 00195 de 2026, ya que ni la gobernación no las alcaldías de los municipios tienen decreto salarial.
A22: Nota 1: La contratación del personal será con contratos de prestación de servicios por tal razón no se incluye factor prestacional
A28: MARÍA MERCED LLANOS C. | D28: HENRY MANUEL GARCIA ACOSTA
A29: Profesional de apoyo en formulación de proyectos | D29: Representante Legal
D30: CC. 72015707

Sheet Cronograma físico y financiero
A8: ITEM | B8: DESCRIPCIÓN | C8: MES 0 | D8: MES 0 | E8: MES 1 | F8: MES 2 | G8: MES 3 | H8: MES 4 | I8: MES 5 | J8: MES 6 | K8: MES 7 (Liquidación)
B9: ETAPA PRECONTRACTUAL
A10: 1 | B10: =+'Presupuesto Global'!B6 -> Aumentar la capacidad de acceso a activos productivos por parte de los artesanos
A11: 1.1 | B11: =+'Presupuesto Global'!C6 -> 1.1. Entregar materiales e insumos para la formación y elaboración de los productos artesanales | E11: =+L11/3 -> 1.0495565e+09 | F11: =+$L$11/3 -> 1.0495565e+09 | G11: =+$L$11/3 -> 1.0495565e+09 | L11: =+'Presupuesto Global'!H14 -> 3148669510 | M11: =+J11+I11+H11+G11+F11+E11 -> 3148669510
A12: 1.2 | B12: =+'Presupuesto Global'!C15 -> 1.2. Realizar una feria artesanal para la promoción y divulgación de las artesanías | J12: =+L12 -> 53880600 | L12: =+'Presupuesto Global'!H15 -> 53880600 | M12: =+J12+I12+H12+G12+F12+E12 -> 53880600
A13: 2 | B13: =+'Presupuesto Global'!B17 -> Fortalecer el conocimiento y saber ancestral para la producción artesanal
A14: 2.1 | B14: =+'Presupuesto Global'!C17 -> 2.1. Realizar escuelas de formación para transferir conocimientos | G14: =+$L$14/3 -> 1.2557658e+08 | H14: =+$L$14/3 -> 1.2557658e+08 | I14: =+$L$14/3 -> 1.2557658e+08 | L14: =+'Presupuesto Global'!H17 -> 376729736 | M14: =+J14+K14+I14+H14+G14+F14+E14 -> 376729736
A15: 2.2. | B15: =+'Presupuesto Global'!#REF! -> #REF! | E15: =+(L15/6)-'2.2. Apoyo a la supervisión'!G11 -> #REF! | F15: =+E15 -> #REF! | G15: =+F15 -> #REF! | H15: =+G15 -> #REF! | I15: =+H15 -> #REF! | J15: =+I15 -> #REF! | K15: =+'2.2. Apoyo a la supervisión'!H11 -> 6889288 | L15: =+'Presupuesto Global'!#REF! -> #REF! | M15: =+J15+K15+I15+H15+G15+F15+E15 -> #REF!
A16: 3 | B16: INTERVENTORÍA | E16: =(L16/6)-Interventoría!I11 -> -1067839.6 | F16: =+E16 -> -1067839.6 | G16: =+F16 -> -1067839.6 | H16: =+E16 -> -1067839.6 | I16: =+H16 -> -1067839.6 | J16: =+G16 -> -1067839.6 | K16: =+Interventoría!H11 -> 6407037.8 | L16: =+'Presupuesto Global'!H23 -> 0 | M16: =+K16+J16+I16+H16+G16+F16+E16 -> 0
A17: 4 | B17: ADMINISTRACIÓN | E17: =(+$L$17/6)-Administración!I11 -> 49257312 | F17: =+E17 -> 49257312 | G17: =+F17 -> 49257312 | H17: =+G17 -> 49257312 | I17: =+H17 -> 49257312 | J17: =+I17 -> 49257312 | K17: =+Administración!H11 -> 6889288 | L17: =+'Presupuesto Global'!H22 -> 302433158 | M17: =+K17+J17+I17+H17+G17+F17+E17 -> 3.0243316e+08
L19: =SUM(L11:L18) -> #REF! | M19: =SUM(M11:M17) -> #REF!
L21: =SUM(L11:L17) -> #REF! | M21: =+'Presupuesto Global'!J26 -> 3929938020

Sheet Listado Beneficiarios
A2: LISTADO DE INSUMOS
A4: FORTALECIMIENTO ECONÓMICO DEL SECTOR DE ARTESANIAS DE LAS COMUNIDADES INDÍGENAS MOCANA EN LOS MUNICIPIOS DE BARANOA, GALAPA Y PUERTO COLOMBIA, EN EL DEPARTAMENTO DEL ATLÁNTICO
A6: # | B6: Comunidad | C6: Familias beneficiarias | D6: Oficio / Línea artesanal | E6: Insumos y herramientas requeridas
A7: 1 | B7: Usiacurí | C7: 42 | D7: Artesanías en palma de iraca | E7: Rollos de alambre (calibre 22 a 8)
E8: Palma de iraca
E9: Bejuco de cadena
E10: Pita
E11: Piola Currican Kliche
E12: Cuerda 9,3 Color *100
E13: Hilo para bordar
E14: Mortuto
E15: Kit Artesanal para Mochila
E16: Tintes industriales y naturales
E17: Agujas Surtido
E18: Pintura en tela surtida en color
E19: Tela Fique
... E53: Marco para segueta Amarillo y Negro Joni
E54: Pegantes | I54: Etiquetas de fila | J54: Suma de Familias beneficiarias
E55: Transportador | I55: Baranoa | J55: 200
A56: 2 | B56: Puerto Colombia | C56: 50 | D56: Mochila de carga, conchas de mar y totumo | E56: Kit artesanal para mochila | I56: Galapa | J56: 50
E57: Mototool con fresa | I57: Pital | J57: 80
E58: Palma de iraca | I58: Puerto Colombia | J58: 50
E59: Piola Currican Kliche | I59: Sibarco | J59: 80
E60: Cuerda 9,3 Color *100 | I60: Tubará | J60: 180
E61: Bejuco de cadena | I61: Usiacurí | J61: 42
E62: Marco para segueta Amarillo y Negro Joni | I62: (en blanco)
E63: Papel maché | I63: Total general | J63: 682
E64: Totuma
E65: Pita
E66: Hilo para bordar
E67: Agujas Surtido
E68: Mortuto
E69: Tintes
E70: Periegrafador
E71: Pegantes
E72: Pintura acrílica
E73: Gas para flamea
A74: 3 | B74: Pital | C74: 80 | D74: Mochilas, totuma y cestas en bejuco de cadena | E74: Mototool con fresa
E75: Agujas Surtido
E76: Hilo para bordar
E77: Marco para segueta Amarillo y Negro Joni
E78: Pintura en tela surtida en color
E79: Tela Fique
E80: Liencillo
E81: Papel mache 20 lbs c/u
E82: Correderas de variedades de colores
E83: Pinza guaya
E84: Caja alfiler
E85: balines
E86: Anzuelo aretes
... E117: Pita
A118: 4 | B118: Baranoa | C118: 200 | D118: Artesanías en fibras y tejidos varios | E118: Hilos
E119: Marco para segueta Amarillo y Negro Joni
E120: Fibras naturales
E121: Tintes
E122: Herramientas básicas
E123: Agujas Surtido
E124: Hilo para bordar
E125: Pintura en tela surtida en color
E126: Tela Fique
E127: Liencillo
E128: Papel mache 20 lbs c/u
E129: Correderas de variedades de colores
E130: Pinza guaya
... E164: Recina para brillar GL
A165: 5 | B165: Galapa | C165: 50 | D165: Papel maché para elaboración de máscaras | E165: Engrudo
E166: Pigmentos
E167: Marco para segueta Amarillo y Negro Joni
E168: Palma de iraca
E169: Bejuco de cadena
E170: Papel maché
E171: Totuma
E172: Pita
E173: Hilos
E174: Agujas Surtido
E175: Mortuto
E176: kits de mochila
E177: Piola Currican Kliche
... E185: Moldes
A186: 6 | B186: Sibarco | C186: 80 | D186: Mochilas, totuma y productos mixtos | E186: Agujas Surtido
E187: Hilos
E188: Marco para segueta Amarillo y Negro Joni
E189: Mortuto
E190: Gas para flamea
E191: Palma de iraca
E192: Bejuco de cadena
E193: Papel maché
E194: Totuma
E195: Pita
E196: kits de mochila
E197: Pegantes
E198: Piola Currican Kliche
... E206: Insumos básicos
A207: 7 | B207: Tubará | C207: 180 | D207: Mochilas y totumos | E207: Agujas Surtido
E208: Hilo para bordar
E209: Piola Currican Kliche
E210: Cuerda 9,3 Color *100
E211: Pita
E212: Marco para segueta Amarillo y Negro Joni
E213: Mortuto
...

Sheet Estudio de Mercado insumos
A1: PROVEEDOR | D1: La Casa de los Cordones Barranquilla | E1: Hilos Venus | F1: M-F-D | G1: Comercializadora Sosamed | H1: RYO-SAS | I1: CASA DEL TEJIDO | J1: COMUNIDAD INDÍGENA MOKANÁ | K1: PROMEDIO
A2: ITEM | B2: DESCRIPCION | C2: UNIDAD DE MEDIDA | D2: VALOR UNITARIO INCLUIDO IVA | E2: VALOR UNITARIO INCLUIDO IVA | F2: VALOR UNITARIO INCLUIDO IVA | G2: VALOR UNITARIO INCLUIDO IVA | H2: VALOR UNITARIO INCLUIDO IVA | I2: VALOR UNITARIO INCLUIDO IVA | J2: VALOR UNITARIO INCLUIDO IVA | K2: VALOR UNITARIO INCLUIDO IVA
A3: INSUMOS
A4: 1 | B4: Conos grandes de macrame en variedades | C4: UND | G4: 90000 | H4: 90000 | K4: =ROUND(AVERAGE(D4:J4),0) -> 90000
A5: 2 | B5: Tela punta en cruz | C5: MT | G5: 18900 | H5: 18900 | K5: =ROUND(AVERAGE(D5:J5),0) -> 18900
A6: 3 | B6: Recina para brillar GL | C6: UN | G6: 142000 | H6: 142000 | K6: =ROUND(AVERAGE(D6:J6),0) -> 142000
A7: 4 | B7: Anzuelo aretes | C7: UN | G7: 2000 | H7: 2000 | K7: =ROUND(AVERAGE(D7:J7),0) -> 2000
A8: 5 | B8: Argolla para insertar arete | C8: UN | G8: 1000 | H8: 1000 | K8: =ROUND(AVERAGE(D8:J8),0) -> 1000
A9: 6 | B9: Hilo búfalo varios colores | C9: UN | G9: 10000 | H9: 10000 | K9: =ROUND(AVERAGE(D9:J9),0) -> 10000
A10: 7 | B10: Silicona Liquida | C10: UN | G10: 12000 | H10: 12000 | K10: =ROUND(AVERAGE(D10:J10),0) -> 12000
A11: 8 | B11: Correderas de variedades de colores | C11: UN | G11: 2600 | H11: 2600 | K11: =ROUND(AVERAGE(D11:J11),0) -> 2600
A12: 9 | B12: Pinza guaya | C12: UN | G12: 17000 | H12: 17000 | K12: =ROUND(AVERAGE(D12:J12),0) -> 17000
A13: 10 | B13: Set de regla | C13: UN | G13: 42500 | H13: 42500 | K13: =ROUND(AVERAGE(D13:J13),0) -> 42500
A14: 11 | B14: Compás | C14: UN | D14: 11000 | F14: 10500 | G14: 10750 | H14: 10750 | K14: =ROUND(AVERAGE(D14:J14),0) -> 10750
A15: 12 | B15: Marco para Segueta Amarillo y Negro Joni | C15: UN | F15: 10300 | G15: 10960 | K15: =ROUND(AVERAGE(D15:J15),0) -> 10630
A16: 13 | B16: Barniz al Agua Mate 100ml F x Arte | C16: UN | E16: 9000 | F16: 9450 | K16: =ROUND(AVERAGE(D16:J16),0) -> 9225
A17: 14 | B17: Bejuco de Cadena (1kg) | C17: KG | E17: 27000 | F17: 28350 | K17: =ROUND(AVERAGE(D17:J17),0) -> 27675
A18: 15 | B18: Hilo Coreano 0.8 | C18: UN | D18: 11000 | E18: 10000 | F18: 10500 | K18: =ROUND(AVERAGE(D18:J18),0) -> 10500
A19: 16 | B19: Pigmentos (100g) | C19: G | E19: 12000 | F19: 12600 | G19: 13500 | H19: 13500 | K19: =ROUND(AVERAGE(D19:J19),0) -> 12900
A20: 17 | B20: Herramientas Básicas (Set) | C20: UN | E20: 39900 | F20: 41900 | G20: 65000 | H20: 65000 | K20: =ROUND(AVERAGE(D20:J20),0) -> 52950
A21: 18 | B21: Transportador | C21: UN | D21: 4000 | F21: 3800 | G21: 5000 | H21: 5000 | K21: =ROUND(AVERAGE(D21:J21),0) -> 4450
A22: 19 | B22: Papel (Resma de 500h) 2.5 KG | C22: KG | D22: 22600 | E22: 20500 | F22: 21500 | G22: 25000 | H22: 25000 | K22: =ROUND(AVERAGE(D22:J22),0) -> 22920
A23: 20 | B23: Mototool con fresa,con eje flexible | C23: UN | G23: 520000 | H23: 520000 | K23: =ROUND(AVERAGE(D23:J23),0) -> 520000
A24: 21 | B24: Caja alfiler | C24: UN | G24: 20000 | H24: 20000 | K24: =ROUND(AVERAGE(D24:J24),0) -> 20000
A25: 22 | B25: Juego de pinzas de bisuteria | C25: UN | G25: 65000 | H25: 65000 | K25: =ROUND(AVERAGE(D25:J25),0) -> 65000
A26: 23 | B26: Hilaya para bisuteria | C26: KIT | G26: 59000 | H26: 59000 | K26: =ROUND(AVERAGE(D26:J26),0) -> 59000
A27: 24 | B27: Engrudo (1kg) | C27: KG | E27: 13900 | F27: 14600 | G27: 15000 | H27: 15000 | K27: =ROUND(AVERAGE(D27:J27),0) -> 14625
A28: 25 | B28: Tintes (Industriales y naturales, 1 unidad de 100g/ml) | C28: G/ML | F28: 10700 | G28: 25000 | H28: 25000 | K28: =ROUND(AVERAGE(D28:J28),0) -> 20233
A29: 26 | B29: Periegrafador | C29: UN | D29: 141750 | F29: 135000 | K29: =ROUND(AVERAGE(D29:J29),0) -> 138375
A30: 27 | B30: Cuerda 9,3 Color *100 | C30: UN | G30: 8045 | I30: 7311 | K30: =ROUND(AVERAGE(D30:J30),0) -> 7678
A31: 28 | B31: Aguja Crochet Kit | C31: KIT | G31: 35500 | H31: 35500 | I31: 25210 | K31: =ROUND(AVERAGE(D31:J31),0) -> 32070
A32: 29 | B32: Agujas para mostacillas | C32: UN | G32: 8000 | H32: 8000 | K32: =ROUND(AVERAGE(D32:J32),0) -> 8000
A33: 30 | B33: Tambores para bordar | C33: UN | G33: 22000 | H33: 22000 | K33: =ROUND(AVERAGE(D33:J33),0) -> 22000
A34: 31 | B34: Cordon de cola de raton surtida | C34: MT | G34: 79000 | H34: 79000 | K34: =ROUND(AVERAGE(D34:J34),0) -> 79000
A35: 32 | B35: Piola Currican Kliche | C35: UN | G35: 48900 | H35: 48900 | I35: 24000 | K35: =ROUND(AVERAGE(D35:J35),0) -> 40600
A36: 33 | B36: Pita | C36: ROLLOS | G36: 47000 | H36: 47000 | K36: =ROUND(AVERAGE(D36:J36),0) -> 47000
A37: 34 | B37: TIJERA MULTIUSO 7.5 | C37: UN | G37: 12500 | H37: 12500 | K37: =ROUND(AVERAGE(D37:J37),0) -> 12500
A38: 35 | B38: Peine y punzón | C38: UN | G38: 32200 | H38: 32000 | K38: =ROUND(AVERAGE(D38:J38),0) -> 32100
A39: 36 | B39: Cinta Métrica | C39: UN | G39: 13000 | H39: 13000 | K39: =ROUND(AVERAGE(D39:J39),0) -> 13000
A40: 37 | B40: Bastidor/Telar sencillo | C40: UN | G40: 121000 | H40: 121000 | K40: =ROUND(AVERAGE(D40:J40),0) -> 121000
A41: 38 | B41: Pegantes | C41: Galones | G41: 15000 | H41: 15000 | K41: =ROUND(AVERAGE(D41:J41),0) -> 15000
A42: 39 | B42: Recipientes tintura | C42: UN | G42: 15700 | H42: 15700 | K42: =ROUND(AVERAGE(D42:J42),0) -> 15700
A43: 40 | B43: Guantes y Protección | C43: caja | G43: 26000 | H43: 26000 | K43: =ROUND(AVERAGE(D43:J43),0) -> 26000
A44: 41 | B44: Lijas | C44: UN | G44: 2000 | H44: 2000 | K44: =ROUND(AVERAGE(D44:J44),0) -> 2000
A45: 42 | B45: Hilo Macrame | C45: UN | D45: 6900 | E45: 6300 | F45: 6600 | K45: =ROUND(AVERAGE(D45:J45),0) -> 6600
A46: 43 | B46: Hilo para bordar | C46: MT | F46: 17000 | K46: =ROUND(AVERAGE(D46:J46),0) -> 17000
A47: 44 | B47: Lija de agua #150 omega | C47: UN | D47: 3700 | E47: 3300 | F47: 3500 | K47: =ROUND(AVERAGE(D47:J47),0) -> 3500
A48: 45 | B48: Vinilo Concentrado Azul 125 cc | C48: UN | D48: 5200 | E48: 4700 | K48: =ROUND(AVERAGE(D48:J48),0) -> 4950
A49: 46 | B49: Vinilo Concentrado Amarillo 125 cc | C49: UN | D49: 5200 | E49: 4700 | K49: =ROUND(AVERAGE(D49:J49),0) -> 4950
A50: 47 | B50: Vinilo Concentrado Negro 125 cc | C50: UN | D50: 5200 | E50: 4700 | F50: 4900 | K50: =ROUND(AVERAGE(D50:J50),0) -> 4933
A51: 48 | B51: Vinilo Concentrado Blanco 125 cc | C51: UN | D51: 5200 | E51: 4700 | F51: 4900 | K51: =ROUND(AVERAGE(D51:J51),0) -> 4933
A52: 49 | B52: Pintura Acrílica 120ml Fx Arte | C52: ML | E52: 7800 | F52: 8200 | G52: 12000 | H52: 12000 | K52: =ROUND(AVERAGE(D52:J52),0) -> 10000
A53: 50 | B53: Pintura en tela surtida en color | C53: UN | G53: 15000 | H53: 15600 | K53: =ROUND(AVERAGE(D53:J53),0) -> 15300
A54: 51 | B54: Tela Fique | C54: MT | G54: 18000 | H54: 18000 | K54: =ROUND(AVERAGE(D54:J54),0) -> 18000
A55: 52 | B55: Liencillo | C55: MT | G55: 16000 | H55: 16000 | K55: =ROUND(AVERAGE(D55:J55),0) -> 16000
A56: 53 | B56: Laca de Secado Rápido Aerosol Transparente 330ml Fx Arte | C56: ML | E56: 26000 | F56: 27300 | K56: =ROUND(AVERAGE(D56:J56),0) -> 26650
A57: 54 | B57: Alambre bisutería | C57: rollos | G57: 18000 | H57: 18000 | K57: =ROUND(AVERAGE(D57:J57),0) -> 18000
A58: 55 | B58: Hilo Nailon | C58: rollos | G58: 30000 | H58: 30000 | K58: =ROUND(AVERAGE(D58:J58),0) -> 30000
A59: 56 | B59: Nailon elástico | C59: rollos | G59: 18000 | H59: 18000 | K59: =ROUND(AVERAGE(D59:J59),0) -> 18000
A60: 57 | B60: Rollos de alambre (calibre 22 a 8) | C60: UN | G60: 50000 | H60: 50000 | K60: =ROUND(AVERAGE(D60:J60),0) -> 50000
A61: 58 | B61: Papel maché 20 lbs c/u | C61: UN | G61: 618000 | H61: 618000 | K61: =ROUND(AVERAGE(D61:J61),0) -> 618000
A62: 59 | B62: Silicona en Barra | C62: UN | G62: 3000 | H62: 3000 | K62: =ROUND(AVERAGE(D62:J62),0) -> 3000
A63: 60 | B63: Pinzas con punta de Silicona | C63: UN | G63: 25000 | H63: 25000 | K63: =ROUND(AVERAGE(D63:J63),0) -> 25000
A64: 61 | B64: Quemador flameador para totumo | C64: UN | G64: 90000 | H64: 90000 | K64: =ROUND(AVERAGE(D64:J64),0) -> 90000
A65: 62 | B65: Gas para flamea | C65: UN | G65: 19000 | H65: 19000 | K65: =ROUND(AVERAGE(D65:J65),0) -> 19000
A66: 63 | B66: Perlas #2,#4 y #6 | C66: UN | G66: 140000 | H66: 140000 | K66: =ROUND(AVERAGE(D66:J66),0) -> 140000
A67: 64 | B67: Murano imitación | C67: Bolsa | G67: 35180 | H67: 35180 | K67: =ROUND(AVERAGE(D67:J67),0) -> 35180
A68: 65 | B68: Hilo Grolne 7.0/ | C68: UN | D68: 5000 | E68: 4600 | F68: 4800 | K68: =ROUND(AVERAGE(D68:J68),0) -> 4800
A69: 66 | B69: Pinceles Surtidos para manuealidades (Paquete de 10) | C69: UN | E69: 27000 | F69: 28300 | G69: 36000 | H69: 36000 | K69: =ROUND(AVERAGE(D69:J69),0) -> 31825
A70: 67 | B70: Palma de Iraca (1kg) | C70: KG | E70: 19900 | F70: 20900 | J70: =+(1000*5000)/200 -> 25000 | K70: =ROUND(AVERAGE(D70:J70),0) -> 21933
A71: 68 | B71: Totuma (1 unidad grande) | C71: UN | E71: 7800 | F71: 9200 | G71: 11000 | H71: 11000 | K71: =ROUND(AVERAGE(D71:J71),0) -> 9750
A72: 69 | B72: Mostasilla check | C72: UN | D72: 12600 | F72: 12000 | K72: =ROUND(AVERAGE(D72:J72),0) -> 12300
A73: 70 | B73: Mostasilla varios colores | C73: UN | G73: 18000 | H73: 18000 | K73: =ROUND(AVERAGE(D73:J73),0) -> 18000
A74: 71 | B74: Agujas Surtido | C74: KIT | G74: 55000 | H74: 55000 | K74: =ROUND(AVERAGE(D74:J74),0) -> 55000
A75: 72 | B75: Aguja Mostomulls | C75: UN | E75: 8000 | F75: 8400 | K75: =ROUND(AVERAGE(D75:J75),0) -> 8200
A76: 73 | B76: Moldes (surtidos de 5) | C76: UN | F76: 34200 | G76: 25000 | H76: 25000 | K76: =ROUND(AVERAGE(D76:J76),0) -> 28067
A77: 74 | B77: Mortuto (1kg) | C77: KG | F77: 22300 | G77: 33000 | H77: 33000 | K77: =ROUND(AVERAGE(D77:J77),0) -> 29433
A78: 75 | B78: balines | C78: UN | G78: 4000 | H78: 4000 | K78: =ROUND(AVERAGE(D78:J78),0) -> 4000
A79: 76 | B79: Argollas pequeñas | C79: UN | G79: 3600 | H79: 3600 | K79: =ROUND(AVERAGE(D79:J79),0) -> 3600
A80: 77 | B80: Argollas grandes | C80: UN | G80: 5000 | H80: 5000 | K80: =ROUND(AVERAGE(D80:J80),0) -> 5000
A81: 78 | B81: Hualla para bisutería | C81: rollos | G81: 16000 | H81: 16000 | K81: =ROUND(AVERAGE(D81:J81),0) -> 16000
A82: 79 | B82: Fibras Naturales (1kg) | C82: KG | E82: 24300 | F82: 25500 | G82: 29000 | H82: 29000 | K82: =ROUND(AVERAGE(D82:J82),0) -> 26950
A83: ALIMENTACIÓN
D84: Comida Criolla con sabor a hogar | E84: COMUNIDAD INDÍGENA MOKANÁ | K84: PROMEDIO
A85: 80 | B85: Desayuno típico de la región | C85: Unidad | D85: 30000 | E85: 30000 | K85: =ROUND(AVERAGE(D85:J85),0) -> 30000
A86: 81 | B86: Almuerzo típico de la región | C86: Unidad | D86: 35000 | E86: 35000 | K86: =ROUND(AVERAGE(D86:J86),0) -> 35000
A87: 82 | B87: Refrigerio | C87: unidad | D87: 25000 | E87: 25000 | K87: =ROUND(AVERAGE(D87:J87),0) -> 25000
A88: 83 | B88: Hidratacion | C88: Unidad | D88: 20000 | E88: 20000 | K88: =ROUND(AVERAGE(D88:J88),0) -> 20000
A89: TRANSPORTE
D90: CaribeVans | E90: Mudanzas en Barranquilla | F90: Santa Maria Trasteos | G90: Arturo Barandica (Nota) | K90: PROMEDIO
A91: 84 | B91: Transporte Terrestre para llevar los insumos desde Barranquilla hasta las comunidades | C91: Viaje | E91: 851100 | F91: 1010000 | K91: =ROUND(AVERAGE(D91:J91),0) -> 930550
A92: 85 | B92: Transporte terrestre de las comunidades hasta Barranquilla para acompañar la Feria (14 pasajeros) | C92: Viaje | D92: 1160000 | G92: 1400000 | K92: =ROUND(AVERAGE(D92:J92),0) -> 1280000
B93: Nota: Se aclara que cómo la cotización de Arturo Barandica es por 7 pasajeros se pone el valor x dos
A94: ELEMENTOS LOGÍSTICOS
D95: HOTEL CARIBE PLAZA | E95: GHL HOTEL BARRANQUILLA | F95: LACHOS LR | G95: Comercializadora Sosamed | H95: RYO-SAS | I95: Fiesta Stereo | J95: RYO-SAS | K95: ALQUÍLAME | L95: MUDANZAS BARRANQUILLA | M95: PROMEDIO
A96: 86 | B96: Stand en madera | C96: UN | G96: 560000 | H96: 560000 | M96: =ROUND(AVERAGE(D96:J96),0) -> 560000
A97: 87 | B97: Alquiler de Salón para la Feria en Barranquilla | C97: UN | D97: =1080000+500000 -> 1580000 | E97: 1500000 | M97: =ROUND(AVERAGE(D97:J97),0) -> 1540000
A98: 88 | B98: Pendones publicitarios tipo araña 60 x 160 cm y 200 x 100 cm en material baner con estructura en aluminio | C98: UN | F98: 190000 | G98: 200000 | H98: 200000 | M98: =ROUND(AVERAGE(D98:J98),0) -> 196667
A99: 89 | B99: Elaboración de cartillas ful lcolor en laser papel bond tamaño carta, 21*27cm | C99: Cartillas | F99: 15000 | G99: 20100 | M99: =ROUND(AVERAGE(D99:J99),0) -> 17550
A100: 90 | B100: Hospedaje con alimentación para las personas que van a acompañar la feria | C100: Día | D100: 149000 | E100: 323400 | M100: =ROUND(AVERAGE(D100:J100),0) -> 236200
...

Sheet Hoja1
A1: 3410 | B1: 1
A2: =+(A1*B2)/B1 -> 1708.41 | B2: 0.501 | F2: Población indígena Tubará | G2: 12305
A3: =+A1-A2 -> 1701.59 | F3: Baranoa | G3: 8361
F4: Usiacurí | G4: 6568
A5: =+A1 -> 3410 | B5: 1 | F5: Puerto Colombia | G5: 1296
A6: =+(A5*B6)/B5 -> 1023 | B6: 0.3 | F6: Galapa | G6: 8676
G7: =SUM(G2:G6) -> 37206
A9: =+A1 -> 3410 | B9: 1
A10: =+(A9*B10)/B9 -> 341 | B10: 0.1
E11: =+A6+A10+1112+934 -> 3410
A13: =+A1 -> 3410 | B13: 1
A14: =+(A13*B14)/B13 -> 1111.66 | B14: 0.326
A17: =+A1 -> 3410 | B17: 1
A18: =+(A17*B18)/B17 -> 934.34 | B18: =+D20 -> 0.274 | D18: =+B6+B10+B14 -> 0.726
D19: 1
D20: =+D19-D18 -> 0.274

Sheet Beneficiarios (2)
A3: INVENTARIO DE BENEFICIARIOS DEL PROYECTO
A5: ANÁLISIS DE ESTABLECIMIENTO
A6: ITEM | B6: UNIDAD | C6: LOCALIZACIÓN | D6: DIMENSIONES | G6: CANTIDAD | J6: TOTAL
D7: Largo (km) | E7: Ancho | F7: Alto | G7: Unidad | H7: Area (ha) | I7: Volumen (m3)
A8: 1 | B8: Has | C8: bunsichama | D8: 0.952646 | E8: -73.701894 | F8: 10.379575 | H8: 2.000111 | I8: 0.952646 | J8: =H8 -> 2.000111
C9: bunsichama | D9: 1.624632 | E9: -73.696225 | F9: 10.354072 | H9: 2.000547 | I9: 1.624632 | J9: =H9 -> 2.000547
C10: bunsichama | D10: 0.996791 | E10: -73.666486 | F10: 10.38302 | H10: 1.905052 | I10: 0.996791 | J10: =H10 -> 1.905052
C11: bunsichama | D11: 0.760611 | E11: -73.665518 | F11: 10.385139 | H11: 2.009895 | I11: 0.760611 | J11: =H11 -> 2.009895
C12: mamarwa | D12: 0.922782 | E12: -73.668957 | F12: 10.379865 | H12: 2.000859 | I12: 0.922782 | J12: =H12 -> 2.000859
C13: mamarwa | D13: 0.897169 | E13: -73.684157 | F13: 10.38586 | H13: 3.000932 | I13: 0.897169 | J13: =H13 -> 3.000932
C14: mamarwa | D14: 2.504074 | E14: -73.720295 | F14: 10.359028 | H14: 7.000128 | I14: 2.504074 | J14: =H14 -> 7.000128
C15: mamarwa | D15: 1.298915 | E15: -73.724651 | F15: 10.361662 | H15: 2.000446 | I15: 1.298915 | J15: =H15 -> 2.000446
C16: mamarwa | D16: 1.163157 | E16: -73.722399 | F16: 10.349528 | H16: 4.00061 | I16: 1.163157 | J16: =H16 -> 4.00061
C17: mamarwa | D17: 1.064501 | E17: -73.681264 | F17: 10.382408 | H17: 4.000792 | I17: 1.064501 | J17: =H17 -> 4.000792
C18: mamarwa | D18: 1.109618 | E18: -73.666953 | F18: 10.376131 | H18: 2.000807 | I18: 1.109618 | J18: =H18 -> 2.000807
C19: mamarwa | D19: 0.823705 | E19: -73.774414 | F19: 10.375359 | H19: 2.00039 | I19: 0.823705 | J19: =H19 -> 2.00039
C20: mamarwa | D20: 0.700947 | E20: -73.77159 | F20: 10.379684 | H20: 2.000249 | I20: 0.700947 | J20: =H20 -> 2.000249
... C71: yewrwa | D71: 0.982795 | E71: -73.686768 | F71: 10.364043 | H71: 2.466238 | I71: 0.982795 | J71: =H71 -> 2.466238
C72: yewrwa | D72: 0.995463 | E72: -73.680141 | F72: 10.376344 | G72: 0 | H72: 2.585313 | I72: 0.995463 | J72: =H72 -> 2.585313
C73: yewrwa | D73: 1.022027 | E73: -73.664774 | F73: 10.38666 | G73: 0 | H73: 1.905666 | I73: 1.022027 | J73: =H73 -> 1.905666
C74: yewrwa | D74: 1.167517 | E74: -73.536292 | F74: 10.316938 | G74: 0 | H74: 2.138473 | I74: 1.167517 | J74: =H74 -> 2.138473
C75: yewrwa | D75: 0.865717 | E75: -73.619574 | F75: 10.387337 | G75: 0 | H75: 2.000275 | I75: 0.865717 | J75: =H75 -> 2.000275
D76: 0.831481 | E76: -73.618735 | F76: 10.379354 | G76: 0 | H76: 2.118327 | I76: 0.831481 | J76: =H76 -> 2.118327
D77: 1.982391 | E77: -73.624289 | F77: 10.374161 | G77: 0 | H77: 5.804579 | I77: 1.982391 | J77: =H77 -> 5.804579
D78: 0.753504 | E78: -73.625299 | F78: 10.390209 | G78: 0 | H78: 3.769414 | I78: 0.753504 | J78: =+H78 -> 3.769414
A79: TOTAL ACUMULADO | J79: =SUM(J8:J78) -> 396.98907
A82: INVENTARIO DE BENEFICIARIOS DEL PROYECTO
A84: ANÁLISIS DE AISLAMIENTO
A85: ITEM | B85: UNIDAD | C85: LOCALIZACIÓN | D85: DIMENSIONES | G85: CANTIDAD | J85: TOTAL
D86: Largo (km) | E86: Ancho | F86: Alto | G86: Unidad | H86: Area (ha) | I86: Volumen (m3)
A87: 2 | B87: Has | C87: el Triunfo | E87: -73.701894 | F87: 10.379575 | H87: =H8 -> 2.000111 | I87: 1.183881 | J87: 1.183881
C88: vereda la Libertad | E88: -73.696225 | F88: 10.354072 | H88: =H9 -> 2.000547 | I88: 1.660322 | J88: 1.660322
C89: costa Rica 1 | E89: -73.666486 | F89: 10.38302 | H89: =H10 -> 1.905052 | I89: 1.105421 | J89: 1.105421
C90: costa Rica 1 | E90: -73.665518 | F90: 10.385139 | H90: =H11 -> 2.009895 | I90: 0.831361 | J90: 0.831361
C91: costa Rica 1 | E91: -73.668957 | F91: 10.379865 | H91: =H12 -> 2.000859 | I91: 0.937349 | J91: 0.937349
C92: costa rica 2 | E92: -73.684157 | F92: 10.38586 | H92: =H13 -> 3.000932 | I92: 1.020667 | J92: 1.020667
C93: Cuesta plata | E93: -73.720295 | F93: 10.359028 | H93: =H14 -> 7.000128 | I93: 2.859838 | J93: 2.859838
C94: cuesta plata | E94: -73.724651 | F94: 10.361662 | H94: =H15 -> 2.000446 | I94: 1.439018 | J94: 1.439018
C95: nuevo belgica | E95: -73.722399 | F95: 10.349528 | H95: =H16 -> 4.00061 | I95: 1.379123 | J95: 1.379123
C96: vereda Costa Rica 1 | E96: -73.681264 | F96: 10.382408 | H96: =H17 -> 4.000792 | I96: 1.168494 | J96: 1.168494
C97: vereda Costa Rica 1 | E97: -73.666953 | F97: 10.376131 | H97: =H18 -> 2.000807 | I97: 1.191414 | J97: 1.191414
C98: Marquetalia | E98: -73.774414 | F98: 10.375359 | H98: =H19 -> 2.00039 | I98: 0.876781 | J98: 0.876781
C99: Marquetalia | E99: -73.77159 | F99: 10.379684 | H99: =H20 -> 2.000249 | I99: 0.771191 | J99: 0.771191
... C157: la florida | E157: -73.625299 | F157: 10.390209 | H157: =H78 -> 3.769414 | I157: 0.78873 | J157: 0.78873
A158: TOTAL ACUMULADO | J158: =SUM(J87:J157) -> 113.4552
A161: Elaboró:

Sheet Objetivo 3-1 (2)
A2: MINISTERIO DE AMBIENTE Y DESARROLLO SOSTENIBLE | B2: ESTABLECIMIENTO PARA PROYECTOS DE RESTAURACIÓN | K2: MINISTERIO DE AMBIENTE Y DESARROLLO SOSTENIBLE | L2: ESTABLECIMIENTO PARA PROYECTOS DE RESTAURACIÓN
B4: Proceso: Gestión Integrada del Portafolio de Planes, Programas y Proyectos | L4: Proceso: Gestión Integrada del Portafolio de Planes, Programas y Proyectos
A5: Versión: 1 | B5: Vigencia: 20/06/2023 | G5: Código: F-E-GIP-53 | K5: Versión: 1 | L5: Vigencia: 20/06/2023 | Q5: Código: F-E-GIP-53
A6: COSTO DE LA ESTRATEGIA MONITOREO | K6: COSTO DE LA ESTRATEGIA DE MONITOREO Y SEGUIMIENTO A LA RESTAURACIÓN INCLUYENDO LAS PARCELAS DE MONITOREO
A8: =+[704]Objetivos!B7 -> Entidad Formuladora | B8: =#REF! -> #REF! | K8: Entidad Formuladora | L8: =#REF! -> #REF!
A10: NOMBRE DEL PROYECTO: | B10: =#REF! -> #REF! | K10: NOMBRE DEL PROYECTO: | L10: =#REF! -> #REF!
A11: NÚMERO DE PARCELAS PERMANENTES INSTALADAS | B11: 67 | D11: NÚMERO DE HECTÁREAS MONITOREADAS | F11: =#REF! -> #REF! | K11: NÚMERO DE PARCELAS PERMANENTES INSTALADAS | L11: 67 | N11: NÚMERO DE HECTÁREAS MONITOREADAS
A13: DESCRIPCIÓN | C13: UNIDAD | D13: CANTIDAD / DEDICACION | F13: COSTO UNITARIO | G13: TOTAL | K13: DESCRIPCIÓN | M13: UNIDAD | N13: CANTIDAD / DEDICACION | P13: COSTO UNITARIO | Q13: TOTAL
A14: 1. EQUIPOS | C14: =SUM(G15:G16) -> 21600000 | K14: 1. EQUIPOS | M14: =SUM(Q15:Q16) -> 50000000
A15: Tablets | C15: Unidad | D15: =[705]Supuestos!$B$18 -> 24 | F15: 900000 | G15: =F15*D15 -> 21600000 | K15: Tablets | M15: Horas de Vuelo | N15: 50 | P15: 400000 | Q15: =P15*N15 -> 20000000
K16: GPS diferencial | M16: Días | N16: 100 | P16: 300000 | Q16: =P16*N16 -> 30000000
G17: 0 | Q17: 0
A18: 2. PERSONAL (MO calificada) | C18: =SUM(G19:G25) -> 2028853000 | G18: 438574320 | K18: 2. PERSONAL (MO calificada) | M18: =SUM(Q24:Q25) -> 179376000 | Q18: 438574320
A19: Coordinador General | B19: 1 | C19: Honorarios/ mes | D19: =B19*23 -> 23 | F19: 11211000 | G19: =F19*D19*B19 -> 257853000 | K19: Profesional de monitoreo (fauna; aves, réptiles, mamiferos) Incluye FM | L19: 1 | M19: Honorarios/ mes | N19: 8 | P19: 11211000 | Q19: =P19*N19*L19 -> 89688000
A20: Gestor Tecnico de Campo | B20: 3 | C20: Honorarios/ mes | D20: =B20*23 -> 69 | F20: 5000000 | G20: =F20*D20*B20 -> 1035000000 | K20: Profesional de monitoreo (flora) Incluye FM | L20: 1 | M20: Honorarios/ mes | N20: 8 | P20: 11211000 | Q20: =P20*N20*L20 -> 89688000
A21: Asistente Administrativo | B21: 1 | C21: Honorarios/ mes | D21: =B21*23 -> 23 | F21: 3500000 | G21: =F21*D21*B21 -> 80500000 | K21: Auxiliares de campo Incluye FM | L21: 3 | M21: Honorarios/ mes | N21: 14 | P21: 4035960 | Q21: =P21*N21*L21 -> 169510320
A22: Coordinador Agroecologico | B22: 1 | C22: Honorarios/ mes | D22: =B22*23 -> 23 | F22: 8000000 | G22: =F22*D22*B22 -> 184000000 | K22: Profesional SIG Incluye FM | L22: 1 | M22: Honorarios/ mes | N22: 8 | P22: 11211000 | Q22: =P22*N22*L22 -> 89688000
A23: Coordinador Tejido Social | B23: 1 | C23: Honorarios/ mes | D23: =B23*23 -> 23 | F23: 8000000 | G23: =F23*D23*B23 -> 184000000 | Q23: 0
A24: Coordinador Ambiental | B24: 1 | C24: Honorarios/ mes | D24: =B24*23 -> 23 | F24: 4500000 | G24: =F24*D24*B24 -> 103500000 | K24: Profesional de monitoreo (fauna; aves, réptiles, mamiferos) Incluye FM | L24: 1 | M24: Honorarios/ mes | N24: 8 | P24: 11211000 | Q24: =P24*N24*L24 -> 89688000
A25: Gestor de Informacion | B25: 1 | C25: Honorarios/ mes | D25: =B25*23 -> 23 | F25: 8000000 | G25: =F25*D25*B25 -> 184000000 | K25: Profesional de monitoreo (flora) Incluye FM | L25: 1 | M25: Honorarios/ mes | N25: 8 | P25: 11211000 | Q25: =P25*N25*L25 -> 89688000
A26: 3. TRANSPORTE | C26: =SUM(G29:G29) -> 113600000 | G26: #REF! | K26: 3. TRANSPORTE | M26: =SUM(Q29:Q29) -> 71000000 | Q26: #REF!
A27: Traslado Terrestre Equipo Tecnico | C27: Viajes | D27: =[705]Supuestos!$C$47 -> 1035 | F27: 65000 | G27: =F27*D27 -> 67275000
A28: Traslado Terrestre Jovenes | C28: Viajes
A29: Traslado Terrestre Equipo Coordinador | C29: Viajes | D29: 142 | F29: 800000 | G29: =F29*D29 -> 113600000 | K29: TRASLADO TERRESTRE | M29: Viajes | N29: 142 | P29: 500000 | Q29: =P29*N29 -> 71000000
A30: 4. AUXILIO DE ALIMENTACIÓN | C30: =SUM(G31:G31) -> 7100000 | G30: 7100000 | K30: 4. AUXILIO DE ALIMENTACIÓN | M30: =SUM(Q31:Q31) -> 7100000 | Q30: 7100000
A31: Almuerzo | C31: Unidad | D31: 284 | F31: 25000 | G31: =F31*D31 -> 7100000 | K31: ALMUERZO | M31: Almuerzos | N31: 284 | P31: 25000 | Q31: =P31*N31 -> 7100000
A32: Merienda | C32: Unidad | D32: 284 | F32: 25000 | G32: =F32*D32 -> 7100000
A33: 7. ELEMENTOS DE SEGURIDAD INDUSTRIAL (Botas, guantes, gafas, chaleco y casco) | D33: =SUM(G34:G35) -> 7250000 | K33: 7. ELEMENTOS DE SEGURIDAD INDUSTRIAL (Botas, guantes, gafas, chaleco y casco) | N33: =SUM(Q34:Q35) -> 7250000
A34: Botas, guantes, gafas, chaleco y casco | C34: Global | D34: =8+5*3 -> 23 | F34: 250000 | G34: =D34*F34 -> 5750000 | K34: Botas, guantes, gafas, chaleco y casco | M34: Global | N34: =8+5*3 -> 23 | P34: 250000 | Q34: =N34*P34 -> 5750000
A35: Botiquín | C35: Global | D35: =5*3 -> 15 | F35: 100000 | G35: =D35*F35 -> 1500000 | K35: Botiquín | M35: Global | N35: =5*3 -> 15 | P35: 100000 | Q35: =N35*P35 -> 1500000
A36: 9. SERVICIOS AMBIENTALES | C36: =SUM(G37) -> 264000000 | K36: 9. PLAN JOVENES GUARDIANES DEL TERRITORIO | M36: =SUM(Q37) -> 105000000
A37: Pagos por servicios ambientales | B37: =[705]Supuestos!$B$18 -> 24 | C37: Honorarios/ mes | D37: 22 | F37: 500000 | G37: =D37*F37*B37 -> 264000000 | K37: Pagos por servicios ambientales | L37: 15 | M37: Honorarios/ mes | N37: 14 | P37: 500000 | Q37: =N37*P37*L37 -> 105000000
A38: 9. IPC PROYECTADO | C38: % | D38: 0.051 | G38: =SUM(C36,#REF!,D33,#REF!,C30,C26,C18,C14)*D38 -> #REF! | K38: 9. IPC PROYECTADO | M38: % | N38: 0.051 | Q38: =SUM(M36,#REF!,N33,#REF!,M30,M26,M18,M14)*N38 -> #REF!
G39: 0 | Q39: 0
A40: 10. OTROS COSTOS ASOCIADOS A LA ESTRATEGIA DE MONITOREO | C40: =SUM(G41) -> 600000 | K40: 10. OTROS COSTOS ASOCIADOS A LA ESTRATEGIA DE MONITOREO | M40: =SUM(Q41) -> 600000
A41: Análisis y publicación de resultados | C41: Folletos | D41: 100 | F41: 6000 | G41: 600000 | K41: Análisis y publicación de resultados | M41: Folletos | N41: 100 | P41: 6000 | Q41: 600000
A42: TOTAL ESTRATEGIA INCLUYENDO TODAS LAS PARCELAS | G42: =SUM(C40,G38,C36,#REF!,D33,#REF!,C30,C26,C18,C14) -> #REF! | K42: TOTAL ESTRATEGIA INCLUYENDO TODAS LAS PARCELAS | Q42: =SUM(M40,Q38,M36,#REF!,N33,#REF!,M30,M26,M18,M14) -> #REF!
D45: ítem | F45: Porcentaje | G45: Evento | N45: ítem | P45: Porcentaje | Q45: Evento
D46: Administración (A) | G46: =+G42*F46 -> #REF! | N46: Administración (A) | Q46: =+Q42*P46 -> #REF!
D47: Imprevistos (I) | G47: =+G42*F47 -> #REF! | N47: Imprevistos (I) | Q47: =+Q42*P47 -> #REF!
D48: Utildad (U) | G48: =+G42*F48 -> #REF! | N48: Utildad (U) | Q48: =+Q42*P48 -> #REF!
D49: IVA sobre U | G49: =+G48*F49 -> #REF! | N49: IVA sobre U | Q49: =+Q48*P49 -> #REF!
D50: Total AIU | G50: =SUM(G46:G49) -> #REF! | N50: Total AIU | Q50: =SUM(Q46:Q49) -> #REF!
D51: TOTAL COSTO MONITOREO | G51: =SUM(G46:G49)+G42 -> #REF! | N51: TOTAL COSTO MONITOREO | Q51: =SUM(Q46:Q49)+Q42 -> #REF!
D53: ítem | F53: Porcentaje | G53: Total | N53: ítem | P53: Porcentaje | Q53: Total
D54: Administración (A) | F54: 0.02 | G54: =F54*G42 -> #REF! | N54: Administración (A) | P54: 0.02 | Q54: =P54*Q42 -> #REF!
D55: Imprevistos (I) | F55: 0.05 | G55: =G42*F55 -> #REF! | N55: Imprevistos (I) | P55: 0.05 | Q55: =Q42*P55 -> #REF!
D56: Utildad (U) | F56: 0.02 | G56: =F56*G42 -> #REF! | N56: Utildad (U) | P56: 0.02 | Q56: =P56*Q42 -> #REF!
D57: IVA sobre U | F57: 0.19 | G57: =G56*F57 -> #REF! | N57: IVA sobre U | P57: 0.19 | Q57: =Q56*P57 -> #REF!
D58: Total AIU | G58: =SUM(G54:G57) -> #REF! | N58: Total AIU | Q58: =SUM(Q54:Q57) -> #REF!
D59: TOTAL COSTO SEGUIMIENTO | G59: =SUM(G54:G57)+G42 -> #REF! | N59: TOTAL COSTO SEGUIMIENTO | Q59: =SUM(Q54:Q57)+Q42 -> #REF!
